 Dungeon Crawl Stone Soup version 0.31.0 (webtiles) character file.

Game seed: 2621201142576063818

582030 qw the Conqueror (level 27, -9/199 HPs)
             Began as a Gargoyle Hunter on Jan 19, 2024.
             Was the Champion of Okawaru.
             Mangled by a green draconian monk (11 damage)
             ... led by a green draconian monk
             ... while paralysed by a dread lich
             ... on level 5 of the Realm of Zot.
             The game lasted 00:12:25 (46735 turns).

qw the Conqueror (Gargoyle Hunter)                 Turns: 46735, Time: 00:12:25

Health: -9/199     AC: 52    Str: 15    XL:     27
Magic:  23/31      EV:  2    Int: 10    God:    Okawaru [******]
Gold:   2220       SH:  0    Dex: 33    Spells: 26/26 levels left

rFire   + . .        y - +6 arbalest "Damnation" {damnation}
rCold   + + .        (shield currently unavailable)
rNeg    + . .        B - +5 ring mail {rF+}
rPois   inf          o - +2 helmet
rElec   +            D - scarf "Kiextuk" {repulsion, Dex+4}
rCorr   .            n - +3 pair of gauntlets of War {Slay+5}
SInv    .            C - +2 pair of boots
Will    ++...        f - amulet of faith
Stlth   ++           Y - +6 ring of dexterity
HPRegen 0.53/turn    H - ring of Paonouxomysk {rC++ AC+4}
MPRegen 0.22/turn

%: repel missiles, faith
@: paralysed, about to teleport, vertiginous, flying, slowed
A: sickness immunity, AC +20, big wings, negative energy resistance 1,
electricity resistance, torment resistance 1, petrification resistance, dopey 1,
screaming 1, weak 1, persistent drain
}: 3/15 runes: serpentine, barnacled, silver
a: Renounce Religion, Heroism, Finesse, Duel


You were on level 5 of the Realm of Zot.
You worshipped Okawaru.
Okawaru was exalted by your worship.
You visited 9 branches of the dungeon, and saw 45 of its levels.

You collected 7710 gold pieces.
You spent 5490 gold pieces at shops.


Innate Abilities, Weirdness & Mutations

You are immune to sickness and miasma.
Your stone body is resilient. (AC +20)
You are immune to poison.
Your large and strong wings let you fly.
You resist negative energy. (rN+)
You are resistant to electric shocks. (rElec)
You are resistant to unholy torment.
You are immune to petrification.
You are dopey. (Int -2)
You occasionally shout uncontrollably at your foes.
You are weak. (Str -2)
Your health recovers twice as slowly from being drained.


   Skills:
 O Level 27 Fighting
 - Level 21.0 Ranged Weapons
 - Level 20.1 Armour
 + Level 23.0 Dodging
 - Level 1.1 Stealth
 - Level 11.6 Invocations


You had 26 spell levels left.
You didn't know any spells.
Your spell library was empty.

Inventory:

Hand Weapons
 y - the +6 arbalest "Damnation" (weapon) {damnation}
   (Okawaru gifted it to you on level 4 of the Lair of Beasts)
Armour
 d - a scarf of resistance
 n - the +3 pair of gauntlets of War (worn) {Slay+5}
   (Okawaru gifted it to you on level 4 of the Lair of Beasts)

   Slay+5:    It affects your accuracy & damage with ranged weapons and melee
   (+5).
 o - a +2 helmet (worn)
 q - the +1 cloak of Spaghetti {rC+}
   (You bought it in a shop on level 5 of the Dungeon)

   rC+:       It protects you from cold.
 s - quicksilver dragon scales
 B - a +5 ring mail of fire resistance (worn)
 C - a +2 pair of boots (worn)
 D - the scarf "Kiextuk" (worn) {repulsion, Dex+4}
   (You bought it in a shop on level 2 of the Shoals)

   Dex+4:     It affects your dexterity (+4).
 F - a +2 troll leather armour
Jewellery
 f - an amulet of faith (around neck)
 l - a +6 ring of dexterity
 p - the amulet "Zemmucyi" {Reflect rCorr Int+2 SH+5}
   (You bought it in a shop on level 5 of the Dungeon)

   [amulet of reflection]

   Reflect:   It reflects blocked missile attacks.
   Int+2:     It affects your intelligence (+2).
   rCorr:     It protects you from acid and corrosion.
   SH+5:      It affects your SH (+5).
 G - the ring of Linash {Fire rCorr MP+9 Str+2 Int+3}
   (You found it on level 2 of the Depths)

   [ring of fire]

   Fire:      It enhances your fire magic.
   Str+2:     It affects your strength (+2).
   Int+3:     It affects your intelligence (+3).
   rF+:       It protects you from fire.
   rC-:       It makes you vulnerable to cold.
   MP+9:      It affects your magic capacity (+9).
   rCorr:     It protects you from acid and corrosion.
 H - the ring of Paonouxomysk (right hand) {rC++ AC+4}
   (You took it off a vault warden on level 5 of the Vaults)

   [ring of protection]

   AC+4:      It affects your AC (+4).
   rC++:      It greatly protects you from cold.
 Y - a +6 ring of dexterity (left hand)
Wands
 b - a wand of acid (21)
 j - a wand of iceblast (37)
 k - a wand of paralysis (35)
 m - a wand of polymorph (15)
 z - a wand of digging (15)
Scrolls
 a - 24 scrolls of identify
 h - 6 scrolls of enchant weapon
 x - 20 scrolls of teleportation
Potions
 c - 7 potions of might
 e - 8 potions of haste
 g - 4 potions of enlightenment
 i - 20 potions of curing
 r - a potion of cancellation
 t - a potion of resistance
 u - a potion of heal wounds
 v - 7 potions of mutation
 E - 5 potions of magic

Dungeon Overview and Level Annotations

Branches:
Dungeon (15/15)            Temple (1/1) D:7            Lair (5/5) D:10
 Shoals (4/4) Lair:3        Snake (4/4) Lair:2        Slime (0/5) Lair:5
    Orc (2/2) D:9             Elf (0/3) Orc:2        Vaults (5/5) D:14
  Crypt (0/3) Vaults:2     Depths (4/4) D:15            Zot (5/5) Depths:4

Altars:
Ashenzari
Cheibriados
Dithmenos
Elyvilon
Fedhas
Gozag
Hepliaklqana
Kikubaaqudgha
Makhleb
Nemelex Xobeh
Okawaru
Qazlal
Ru
Sif Muna
Trog
Uskayaw
Vehumet
Wu Jian
Xom
Yredelemnul
Zin
The Shining One
Jiyva

Shops:
D:5 ![=[(   D:9 (   D:12 *   D:15 (   Orc:2 :[*(   Shoals:2 [   Shoals:3 (
Snake:2 ?   Vaults:2 =   Vaults:4 =   Depths:1 !=?:   Depths:3 ?[   Depths:4 ?

Portals:
Hell: Depths:1 Depths:2 Depths:3 Depths:4
Abyss: Depths:3
Pandemonium: Depths:2 Depths:4
Ziggurat: Depths:1

Annotations:
D:3 1 runed translucent door, Crazy Yiuf
D:10 exclusions: oklob plant and orange crystal statue
Shoals:1 2 transporters, royokou's ghost, adept GrEE


Message History

You feel your power leaking away. The death cob hits you!
The death cob drains your vigour!
You feel as though you will be slow longer.
The orb of fire glows deep purple.
Strange energies course through your body.
You begin to recover more slowly from draining effects.
Something touches you but does no damage.
The green draconian monk hits you!!
The green draconian monk kicks you but does no damage.
The green draconian monk tail-slaps you but does no damage. x2
The yellow draconian annihilator casts a spell.
The yellow draconian annihilator blinks!
The green draconian monk hits you.
The green draconian monk kicks you but does no damage.
The green draconian monk tail-slaps you but does no damage. x2
The death cob hits you but does no damage.
The mana viper bites you but does no damage.
The death cob hits you but does no damage.
Something touches you but does no damage.
The green draconian monk hits you but does no damage.
The green draconian monk kicks you but does no damage.
The green draconian monk tail-slaps you but does no damage. x2
The green draconian monk hits you but does no damage.
The green draconian monk kicks you but does no damage.
The green draconian monk tail-slaps you but does no damage. x2
The death cob hits you but does no damage. x2
The mana viper bites you but does no damage.
The death cob hits you! The death cob drains your vigour!
You feel as though you will be slow longer.
The death cob hits you! The death cob drains your vigour!
You feel as though you will be slow longer.
Something touches you but does no damage.
The mana viper bites you but does no damage.
The green draconian monk hits you but does no damage.
The green draconian monk kicks you but does no damage.
The green draconian monk tail-slaps you but does no damage.
The green draconian monk tail-slaps you!
The green draconian monk hits you but does no damage.
The green draconian monk kicks you!
You die...

... ....##############
...^..............###
.....y........##....##
.............ยค.###...#####
........pS..^...###.......
.^......*LS.....# ##......
..?....q.@q.....# #......
.......dzzq....^# ##.....
.......(........# #.....
................# ##.....
...............## #......
..............## #......
.............## #.......
#### ##############
######## #..##
#..........## ..#######


You could see an orb of fire, a Killer Klown, 2 draconians, a dread lich (fast),
a purple draconian, 2 death cobs, a yellow draconian annihilator, a moth of
wrath and 2 mana vipers.

Vanquished Creatures
  Frederick (Vaults:5)
  A dread lich (Zot:5)
  3 ancient liches
  A juggernaut (Depths:4)
  Xtahua (Vaults:3)
  Josephina (Depths:2)
  Bai Suzhen (Snake:4)
  Boris (Vaults:3)
  Vashnia (Snake:3)
  10 golden dragons
  Margery (Vaults:5)
  Norris (Vaults:4)
  A hellephant (Vaults:5)
  An electric golem (Zot:5)
  A Tzitzimitl (Depths:3)
  17 tentacled monstrosities
  Zenata (Vaults:4)
  Asterion (Depths:1)
  3 liches
  7 Orb Guardians (Zot:5)
  Mlioglotl (Shoals:3)
  2 acid blobs (Depths:3)
  7 titans
  A walking divine tome (Depths:4)
  4 quicksilver dragons
  7 sphinxes
  A kraken (Shoals:4)
  4 death cobs
  2 Executioners (Depths:3)
  9 shadow dragons
  15 storm dragons
  Aizul (Snake:4)
  Donald (Vaults:1)
  7 protean progenitors
  2 draconian knights
  Ilsuiw (Shoals:4)
  9 nagarajas
  5 fire giants
  8 tengu reavers
  Roxanne (Snake:1)
  2 draconian monks
  2 azure jellies (Depths:3)
  14 frost giants
  2 iron dragons (Vaults:5)
  3 draconian shifters
  5 draconian scorchers
  A ghost moth (Zot:3)
  3 rockslimes (Depths:3)
  A caustic shrike zombie (Depths:3)
  16 vault wardens
  3 spectral caustic shrikes (Depths:1)
  A juggernaut zombie (Depths:3)
  A draconian stormcaller (Depths:4)
  An orc warlord (Vaults:4)
  11 ironbound preservers
  4 formless jellyfish
  28 very ugly things
  2 reapers (Depths:3)
  4 ironbound thunderhulks
  4 draconian annihilators
  18 stone giants
  5 quicksilver oozes (Depths:3)
  11 green draconians
  10 yellow draconians
  3 dire elephants (Vaults:1)
  11 black draconians
  4 war gargoyles
  12 purple draconians
  3 spectral titans (Depths:3)
  5 deep elf death magi
  2 deep elf demonologists
  8 white draconians
  4 red draconians
  8 spark wasps
  A crystal guardian (Vaults:4)
  15 ettins
  2 entropy weavers
  11 merfolk impalers
  16 yaktaur captains
  10 merfolk javelineers
  12 fire dragons
  Harold (Lair:1)
  3 deep elf high priests
  5 hydras
  11 great orbs of eyes
  14 ice dragons
  A spectral golden dragon (Depths:3)
  6 rakshasas
  31 vault guards
  A salamander tyrant (Snake:2)
  2 ogre magi
  A spectral shadow dragon (Depths:3)
  6 spriggan air magi
  12 ironbound frosthearts
  A caustic shrike simulacrum (Depths:3)
  A juggernaut simulacrum (Depths:3)
  2 radroaches (Zot:4)
  A death knight (Vaults:2)
  4 merfolk avatars
  3 peacekeepers (Vaults:4)
  5 boulder beetles
  A spriggan skeleton (Depths:3)
  13 anacondas
  9 centaur warriors
  2 alligator snapping turtles
  17 naga warriors
  7 merfolk aquamancers
  4 death yaks
  13 two-headed ogres
  4 satyrs (Shoals:4)
  A titan zombie (Vaults:1)
  18 deep troll earth magi
  7 tengu warriors
  9 naga sharpshooters
  5 shock serpents
  13 deep troll shamans
  5 spriggan berserkers
  10 vampire magi
  A shock serpent (shapeshifter) (Vaults:4)
  A sixfirhy (Depths:4)
  10 skysharks
  9 hell knights
  5 skeletal warriors (D:15)
  A golden dragon zombie (Depths:3)
  2 spectral spark wasps (Depths:3)
  Amaemon (D:8)
  A storm dragon skeleton (Depths:3)
  12 iron trolls
  17 sea snakes
  3 flayed ghosts (Depths:3)
  48 deep trolls
  13 mana vipers
  A glowing orange brain (Depths:2)
  2 salamander mystics
  6 naga ritualists
  6 phantasmal warriors
  6 arcanists
  A spriggan simulacrum (Depths:2)
  An obsidian statue (Vaults:1)
  A tengu zombie (Depths:3)
  A deep elf pyromancer (D:15)
  5 lindwurms
  11 necromancers
  17 ironbound convokers
  5 orc knights
  52 ugly things
  2 spectral iron dragons (Depths:3)
  A frost giant zombie (Vaults:2)
  An iron dragon zombie (Depths:3)
  32 harpies
  A manticore (shapeshifter) (Vaults:4)
  2 shadow dragon skeletons (Depths:3)
  15 cyclopes
  11 fauns
  2 stone giant zombies
  A tengu skeleton (Depths:3)
  3 shining eyes (Depths:3)
  19 manticores
  27 moths of wrath
  15 salamanders
  4 elephants (Lair:5)
  An eye of devastation (shapeshifter) (Depths:2)
  5 water nymphs
  11 merfolk sirens
  6 kobold blastminers
  A meliai (shapeshifter) (D:14)
  45 black mambas
  10 guardian serpents
  A cane toad (shapeshifter) (Vaults:5)
  25 naga magi
  A gargoyle (D:13)
  17 vault sentinels
  A stone giant skeleton (Vaults:1)
  22 cane toads
  An orange demon (D:8)
  5 rime drakes
  15 komodo dragons
  19 yaktaurs
  2 tormentors (Depths:3)
  A storm dragon simulacrum (Depths:3)
  A freezing wraith (D:14)
  3 spark wasp simulacra
  3 tengu conjurers
  A komodo dragon (shapeshifter) (Vaults:5)
  2 spectral glowing shapeshifters (Depths:3)
  A rime drake (shapeshifter) (D:14)
  2 golden dragon simulacra
  A yaktaur skeleton (Vaults:2)
  44 merfolk
  A tyrant leech (Lair:5)
  7 trolls
  12 hornets
  4 polar bears
  A tarantella (Vaults:1)
  21 blink frogs
  6 wind drakes
  A tengu simulacrum (Depths:3)
  3 elf zombies
  2 glass eyes (Depths:2)
  A fire giant simulacrum (Depths:3)
  18 dream sheep
  A jumping spider (shapeshifter) (Depths:2)
  An iron dragon simulacrum (Depths:2)
  A centaur simulacrum (D:15)
  A frost giant simulacrum (Depths:3)
  20 snapping turtles
  A wraith (D:10)
  Sigmund (D:4)
  A shadow (D:11)
  48 slime creatures
  8 water elementals
  2 wyverns
  5 spriggans
  51 yaks
  5 basilisks
  2 golden eyes (Depths:3)
  A fire elemental (Lair:2)
  6 wargs
  3 steam dragons
  2 redbacks
  14 vampire mosquitoes
  58 nagas
  A glowing shapeshifter zombie (Vaults:1)
  An ogre zombie (Vaults:1)
  13 water moccasins
  An acid dragon (D:10)
  2 human simulacra
  A glowing shapeshifter skeleton (Depths:3)
  17 orc warriors
  An ice beast (D:6)
  5 ogres
  20 wolves
  5 centaurs
  3 human zombies
  22 bullfrogs
  3 gnoll sergeants
  11 wights
  15 killer bees
  9 electric eels
  6 howler monkeys
  3 hounds
  2 lava snakes (Lair:1)
  2 bombardier beetles
  A jelly (D:4)
  10 orc priests
  A gnoll bouda (D:5)
  3 sleepcaps
  3 iguanas
  16 orc wizards
  6 hell rats (Lair:4)
  Terence (D:3)
  Robin (D:3)
  21 gnolls
  6 adders
  A river rat (D:5)
  A shadow imp (D:6)
  A white imp (D:7)
  3 ribbon worms (D:2)
  2 dart slugs
  58 orcs
  5 bats
  4 endoplasms
  4 giant cockroaches
  20 goblins
  10 hobgoblins
  5 jackals
  5 quokkas
  9 ball pythons
  4 frilled lizards
  8 kobolds
  3 rats
  3 tentacles (Shoals:4)
1960 creatures vanquished.

Vanquished Creatures (others)
  Mara (Depths:1)
  A shadow wraith (Vaults:5)
  A harpy (Shoals:2)
  A vault sentinel (Vaults:5)
  A merfolk (Shoals:1)
  A glass eye (shapeshifter) (Vaults:5)
  A slime creature (Vaults:1)
  An orc warrior (Vaults:5)
  2 orcs
  A tentacle (Shoals:4)
11 creatures vanquished.

Grand Total: 1971 creatures vanquished

Notes
Turn   | Place    | Note
-------+----------+-------------------------------------------
     0 | D:1      | qw the Gargoyle Hunter began the quest for the Orb.
     0 | D:1      | Reached XP level 1. HP: 12/12 MP: 1/1
     0 | D:1      | 0 ||| qw: Version: 0.3-a-132-g3d54051
     0 | D:1      | 0 ||| qw: Game counter: 297
     0 | D:1      | 0 ||| qw: Melee chars always use a shield: true
     0 | D:1      | 0 ||| qw: God list: Okawaru
     0 | D:1      | 0 ||| qw: Allow faded altars: false
     0 | D:1      | 0 ||| qw: Do Orc after clearing Dungeon:15 true
     0 | D:1      | 0 ||| qw: Do second Lair branch before Depths: true
     0 | D:1      | 0 ||| qw: Lair rune preference: random
     0 | D:1      | 0 ||| qw: Goals: Normal
     0 | D:1      | 0 ||| PLANNING D:1-11
   117 | D:1      | Reached XP level 2. HP: 17/17 MP: 2/2
   529 | D:1      | Reached XP level 3. HP: 19/21 MP: 3/3
   743 | D:1      | 743 ||| UPGRADING to amulet of regeneration.
   748 | D:1      | 748 ||| READING scroll labelled XIFIQA MOPT.
   749 | D:1      | 749 ||| READING scroll labelled QOM HETYRISYCH.
   750 | D:1      | 750 ||| READING 2 scrolls labelled HIET DIOCALA.
   754 | D:1      | 754 ||| READING scroll labelled ZITSEA JOJ VYA.
   754 | D:1      | 754 ||| IDENTIFYING fizzy green potion
   755 | D:1      | 755 ||| READING scroll labelled HOSICA JUQUENNU.
   755 | D:1      | 755 ||| ENCHANTING +0 shortbow.
   756 | D:1      | 756 ||| DROPPING scroll of butterflies.
   777 | D:2      | 777 ||| STAIRDANCE
   846 | D:2      | Found a faded altar of an unknown god.
  1274 | D:2      | Reached skill level 3 in Fighting
  1274 | D:2      | Reached XP level 4. HP: 28/28 MP: 4/4
  1613 | D:2      | 1613 ||| UPGRADING to +0 cloak.
  1618 | D:2      | 1618 ||| UPGRADING to +0 ring mail.
  1628 | D:2      | 1628 ||| DROPPING +0 leather armour.
  1629 | D:2      | 1629 ||| READING scroll labelled GUSUINAWOS.
  1630 | D:2      | 1630 ||| DRINKING 2 purple potions.
  1657 | D:3      | Reached skill level 1 in Armour
  1687 | D:3      | Noticed Terence
  1696 | D:3      | Killed Terence
  1698 | D:3      | 1698 ||| FLEEEEING.
  1713 | D:3      | Reached XP level 5. HP: 29/32 MP: 5/5
  1730 | D:3      | Reached skill level 6 in Ranged Weapons
  1746 | D:3      | Noticed Robin
  1765 | D:3      | Killed Robin
  1768 | D:3      | HP: 8/32 [orc/+0 club (3)]
  1769 | D:3      | 1769 ||| READING scroll of teleportation.
  1770 | D:3      | 1770 ||| DRINKING 3 potions of heal wounds.
  1834 | D:3      | Reached skill level 4 in Fighting
  1834 | D:3      | Reached XP level 6. HP: 38/38 MP: 6/6
  1987 | D:3      | You fall into a shaft and drop 3 floors!
  2049 | D:6      | Noticed an ice beast
  2069 | D:6      | Killed an ice beast
  2135 | D:6      | 2135 ||| FLEEEEING.
  2148 | D:6      | 2148 ||| UPGRADING to +0 helmet.
  2153 | D:6      | 2153 ||| FLEEEEING.
  2155 | D:6      | 2155 ||| STAIRDANCE
  2156 | D:5      | Entered Level 5 of the Dungeon
  2156 | D:5      | Found Ulaifam's Jewellery Boutique.
  2157 | D:5      | 2157 ||| PLANNING SEWER
  2164 | D:5      | HP: 6/38 [gnoll/+0 flail[a gnoll bouda] (6)]
  2165 | D:5      | 2165 ||| DRINKING 2 potions of heal wounds.
  2207 | D:5      | Reached XP level 7. HP: 43/43 MP: 7/7
  2212 | D:5      | 2212 ||| SHOPLISTING +6 ring of dexterity (360 gold, have
                  | 149).
  2212 | D:5      | 2212 ||| SHOPLISTING amulet "Zemmucyi" {Reflect rCorr Int+2
                  | SH+5} (468 gold, have 149).
  2212 | D:5      | 2212 ||| SHOPLISTING amulet of reflection (300 gold, have
                  | 149).
  2212 | D:5      | 2212 ||| SHOPLISTING ring of resist corrosion (200 gold,
                  | have 149).
  2212 | D:5      | 2212 ||| SHOPLISTING ring of willpower (250 gold, have
                  | 149).
  2276 | D:5      | Found Liqekhlai's Antique Armour Emporium.
  2374 | D:5      | Found Juorgh's Armour Boutique.
  2381 | D:5      | 2381 ||| SHOPLISTING +0 leather armour of the Accordion
                  | {Rampage rF+ rC+ Dex-5} (175 gold, have 154).
  2381 | D:5      | 2381 ||| BUYING +0 pair of gloves (63 gold).
  2381 | D:5      | Bought a +0 pair of gloves for 63 gold pieces
  2381 | D:5      | 2381 ||| SHOPLISTING +2 ring mail of positive energy (252
                  | gold, have 91).
  2381 | D:5      | 2381 ||| UPGRADING to +0 pair of gloves.
  2399 | D:5      | Found Xiragry's Weapon Emporium.
  2415 | D:5      | 2415 ||| UPGRADING to +2 cloak.
  2425 | D:5      | 2425 ||| DROPPING +0 cloak.
  2478 | D:5      | 2478 ||| SHOPLISTING runed leather armour (140 gold, have
                  | 100).
  2478 | D:5      | 2478 ||| SHOPLISTING twisted cloak (266 gold, have 100).
  2503 | D:5      | 2503 ||| UPGRADING to +1 pair of gloves of infusion.
  2513 | D:5      | 2513 ||| DROPPING +0 pair of gloves.
  2527 | D:5      | 2527 ||| FLEEEEING.
  2528 | D:5      | 2528 ||| STAIRDANCE
  2540 | D:4      | 2540 ||| DROPPING amulet of guardian spirit.
  2541 | D:4      | 2541 ||| READING scroll of identify.
  2541 | D:4      | 2541 ||| IDENTIFYING smoky cyan potion
  2542 | D:4      | 2542 ||| READING scroll labelled ZUALEDDUSE.
  2543 | D:4      | 2543 ||| READING scroll labelled QACESI IHAMUM.
  2644 | D:4      | 2644 ||| DRINKING 2 murky brown potions.
  2654 | D:5      | Found Poitagel's Distillery.
  2674 | D:5      | 2674 ||| SHOPLISTING 2 potions of mutation (208 gold, have
                  | 100).
  2674 | D:5      | 2674 ||| BUYING potion of curing (39 gold).
  2674 | D:5      | Bought a potion of curing for 39 gold pieces
  2674 | D:5      | 2674 ||| SHOPLISTING potion of enlightenment (65 gold, have
                  | 61).
  2674 | D:5      | 2674 ||| BUYING potion of might (52 gold).
  2674 | D:5      | Bought a potion of might for 52 gold pieces
  2674 | D:5      | 2674 ||| SHOPLISTING potion of mutation (104 gold, have 9).
  2795 | D:5      | 2795 ||| RIP SEWER
  2837 | D:5      | 2837 ||| PLANNING D:1-11
  2837 | D:5      | 2837 ||| FLEEEEING.
  2894 | D:4      | Reached XP level 8. HP: 48/48 MP: 8/8
  2896 | D:4      | Reached skill level 5 in Fighting
  2924 | D:4      | Noticed Sigmund
  2938 | D:4      | Killed Sigmund
  3016 | D:4      | 3016 ||| FLEEEEING.
  3017 | D:4      | 3017 ||| FLEEEEING.
  3018 | D:4      | 3018 ||| FLEEEEING.
  3019 | D:4      | 3019 ||| FLEEEEING.
  3023 | D:4      | 3023 ||| STAIRDANCE
  3033 | D:3      | Found a runed translucent door.
  3034 | D:3      | Noticed Crazy Yiuf
  3136 | D:3      | 3136 ||| READING scroll of enchant weapon.
  3136 | D:3      | 3136 ||| ENCHANTING +1 shortbow.
  3225 | D:3      | 3225 ||| UPGRADING to +1 robe of cold resistance.
  3235 | D:3      | 3235 ||| READING 4 scrolls of identify.
  3235 | D:3      | 3235 ||| IDENTIFYING glowing coppery potion
  3236 | D:3      | 3236 ||| READING 3 scrolls of identify.
  3236 | D:3      | 3236 ||| IDENTIFYING coppery potion
  3237 | D:3      | 3237 ||| READING 2 scrolls of identify.
  3237 | D:3      | 3237 ||| IDENTIFYING black potion
  3238 | D:3      | 3238 ||| READING scroll of identify.
  3238 | D:3      | 3238 ||| IDENTIFYING green potion
  3239 | D:3      | 3239 ||| DROPPING potion of lignification.
  3240 | D:3      | 3240 ||| DROPPING potion of brilliance.
  3241 | D:3      | 3241 ||| DROPPING potion of magic.
  3366 | D:4      | Found a sacrificial altar of Ru.
  3366 | D:4      | Found a burning altar of Makhleb.
  3577 | D:4      | 3577 ||| UPGRADING to +6 ring of dexterity.
  3578 | D:4      | 3578 ||| READING 3 scrolls of identify.
  3578 | D:4      | 3578 ||| IDENTIFYING fizzy pink potion
  3579 | D:4      | 3579 ||| READING 2 scrolls of identify.
  3579 | D:4      | 3579 ||| IDENTIFYING sedimented emerald potion
  3580 | D:4      | 3580 ||| READING scroll of identify.
  3580 | D:4      | 3580 ||| IDENTIFYING scroll labelled KIORASKEAN
  3581 | D:4      | 3581 ||| DROPPING potion of degeneration.
  3582 | D:4      | 3582 ||| DROPPING scroll of immolation.
  3923 | D:6      | Found a hazy altar of Hepliaklqana.
  3924 | D:6      | Found a shimmering altar of Xom.
  3925 | D:6      | Noticed a spectral ugly thing
  4332 | D:6      | Reached skill level 9 in Ranged Weapons
  4339 | D:6      | Reached skill level 3 in Dodging
  4349 | D:6      | 4349 ||| FLEEEEING.
  4593 | D:6      | 4593 ||| READING scroll of identify.
  4593 | D:6      | 4593 ||| IDENTIFYING sedimented ruby potion
  4594 | D:6      | 4594 ||| READING scroll labelled YHUZ FIUMI.
  4594 | D:6      | 4594 ||| ENCHANTING +1 pair of gloves of infusion.
  4595 | D:6      | 4595 ||| DROPPING potion of ambrosia.
  4636 | D:7      | Found a staircase to the Ecumenical Temple.
  4637 | D:7      | 4637 ||| PLANNING TEMPLE
  4667 | D:7      | Reached skill level 6 in Fighting
  4672 | D:7      | Noticed a yak
  4679 | D:7      | Noticed a yak
  4679 | D:7      | Noticed a yak
  4679 | D:7      | Noticed a yak
  4679 | D:7      | Noticed a yak
  4680 | D:7      | Noticed a yak
  4680 | D:7      | 4680 ||| RETREEEEATING.
  4681 | D:7      | 4681 ||| RETREEEEATING.
  4682 | D:7      | 4682 ||| RETREEEEATING.
  4682 | D:7      | Noticed a hornet
  4683 | D:7      | 4683 ||| RETREEEEATING.
  4684 | D:7      | 4684 ||| RETREEEEATING.
  4696 | D:7      | Killed a yak
  4711 | D:7      | Killed a hornet
  4712 | D:7      | Reached XP level 9. HP: 19/55 MP: 9/9
  4712 | D:7      | 4712 ||| FLEEEEING.
  4713 | D:7      | 4713 ||| FLEEEEING.
  4714 | D:7      | 4714 ||| FLEEEEING.
  4715 | D:7      | 4715 ||| FLEEEEING.
  4716 | D:7      | 4716 ||| FLEEEEING.
  4717 | D:7      | 4717 ||| FLEEEEING.
  4718 | D:7      | 4718 ||| FLEEEEING.
  4719 | D:7      | 4719 ||| FLEEEEING.
  4720 | D:7      | 4720 ||| FLEEEEING.
  4721 | D:7      | 4721 ||| FLEEEEING.
  4722 | D:7      | 4722 ||| FLEEEEING.
  4723 | D:7      | 4723 ||| FLEEEEING.
  4724 | D:7      | 4724 ||| FLEEEEING.
  4725 | D:7      | 4725 ||| FLEEEEING.
  4726 | D:7      | 4726 ||| FLEEEEING.
  4727 | D:7      | 4727 ||| FLEEEEING.
  4728 | D:7      | 4728 ||| STAIRDANCE
  4733 | D:6      | 4733 ||| STAIRDANCE
  4754 | D:7      | 4754 ||| STAIRDANCE
  4771 | D:6      | HP: 6/55 [yak (13)]
  4772 | D:6      | 4772 ||| READING 2 scrolls of teleportation.
  4773 | D:6      | 4773 ||| DRINKING potion of heal wounds.
  4778 | D:6      | 4778 ||| FLEEEEING.
  4855 | D:7      | 4855 ||| STAIRDANCE
  4872 | D:7      | 4872 ||| STAIRDANCE
  4879 | D:6      | 4879 ||| FLEEEEING.
  4880 | D:6      | 4880 ||| FLEEEEING.
  4881 | D:6      | 4881 ||| FLEEEEING.
  4882 | D:6      | 4882 ||| STAIRDANCE
  4907 | D:6      | Reached skill level 7 in Fighting
  4932 | D:7      | 4932 ||| STAIRDANCE
  4986 | D:7      | 4986 ||| FLEEEEING.
  5034 | Temple   | Entered the Ecumenical Temple
  5035 | Temple   | 5035 ||| PLANNING OKAWARU WORSHIP
  5040 | Temple   | Became a worshipper of Warmaster Okawaru
  5041 | Temple   | 5041 ||| PLANNING D:1-11
  5129 | D:7      | 5129 ||| RETREEEEATING.
  5132 | D:7      | 5132 ||| RETREEEEATING.
  5171 | D:7      | 5171 ||| FLEEEEING.
  5629 | D:8      | Reached skill level 8 in Fighting
  5635 | D:8      | 5635 ||| FLEEEEING.
  5694 | D:8      | 5694 ||| SWAPPING to +0 orcbow.
  5697 | D:8      | Reached * piety under Okawaru
  5698 | D:8      | Reached XP level 10. HP: 64/64 MP: 10/10
  5698 | D:8      | 5698 ||| DROPPING +2 shortbow.
  5713 | D:8      | 5713 ||| RETREEEEATING.
  5714 | D:8      | 5714 ||| RETREEEEATING.
  5715 | D:8      | 5715 ||| RETREEEEATING.
  5716 | D:8      | 5716 ||| RETREEEEATING.
  5718 | D:8      | 5718 ||| RETREEEEATING.
  5720 | D:8      | 5720 ||| RETREEEEATING.
  5721 | D:8      | 5721 ||| RETREEEEATING.
  5722 | D:8      | 5722 ||| RETREEEEATING.
  5723 | D:8      | 5723 ||| RETREEEEATING.
  5724 | D:8      | 5724 ||| RETREEEEATING.
  5725 | D:8      | 5725 ||| RETREEEEATING.
  5727 | D:8      | 5727 ||| RETREEEEATING.
  5728 | D:8      | 5728 ||| RETREEEEATING.
  5729 | D:8      | 5729 ||| RETREEEEATING.
  5730 | D:8      | 5730 ||| RETREEEEATING.
  5731 | D:8      | 5731 ||| RETREEEEATING.
  5732 | D:8      | 5732 ||| RETREEEEATING.
  5734 | D:8      | 5734 ||| RETREEEEATING.
  5736 | D:8      | 5736 ||| RETREEEEATING.
  5750 | D:8      | HP: 15/64 [gnoll/+0 halberd[a gnoll sergeant] (4)]
  5751 | D:8      | 5751 ||| READING scroll of teleportation.
  5755 | D:8      | HP: 7/64 [gnoll sergeant/+1 trident of protection (10)]
  5809 | D:8      | Noticed a two-headed ogre
  5810 | D:8      | 5810 ||| INVOKING Heroism.
  5819 | D:8      | Killed a two-headed ogre
  5820 | D:8      | Reached skill level 12 in Ranged Weapons
  5838 | D:8      | Noticed Amaemon
  5839 | D:8      | 5839 ||| INVOKING Heroism.
  5840 | D:8      | 5840 ||| INVOKING Heroism.
  5841 | D:8      | Noticed an orange demon
  5853 | D:8      | 5853 ||| RETREEEEATING.
  5854 | D:8      | 5854 ||| RETREEEEATING.
  5855 | D:8      | 5855 ||| RETREEEEATING.
  5856 | D:8      | 5856 ||| RETREEEEATING.
  5857 | D:8      | 5857 ||| RETREEEEATING.
  5858 | D:8      | 5858 ||| RETREEEEATING.
  5859 | D:8      | 5859 ||| RETREEEEATING.
  5860 | D:8      | 5860 ||| RETREEEEATING.
  5861 | D:8      | 5861 ||| RETREEEEATING.
  5862 | D:8      | 5862 ||| RETREEEEATING.
  5863 | D:8      | 5863 ||| RETREEEEATING.
  5864 | D:8      | 5864 ||| RETREEEEATING.
  5865 | D:8      | 5865 ||| RETREEEEATING.
  5869 | D:8      | 5869 ||| INVOKING Heroism.
  5870 | D:8      | 5870 ||| INVOKING Heroism.
  5874 | D:8      | 5874 ||| RETREEEEATING.
  5878 | D:8      | 5878 ||| RETREEEEATING.
  5880 | D:8      | Killed an orange demon
  5881 | D:8      | Reached skill level 1 in Invocations
  5883 | D:8      | 5883 ||| INVOKING Heroism.
  5892 | D:8      | Killed Amaemon
  5893 | D:8      | Reached skill level 3 in Invocations
  6250 | D:8      | 6250 ||| READING 2 scrolls of identify.
  6250 | D:8      | 6250 ||| IDENTIFYING yellow potion
  6251 | D:8      | 6251 ||| DROPPING potion of attraction.
  6398 | D:9      | 6398 ||| UPGRADING to ring of willpower.
  6405 | D:9      | 6405 ||| FLEEEEING.
  6406 | D:9      | 6406 ||| FLEEEEING.
  6407 | D:9      | 6407 ||| FLEEEEING.
  6409 | D:9      | 6409 ||| FLEEEEING.
  6410 | D:9      | 6410 ||| FLEEEEING.
  6411 | D:9      | 6411 ||| FLEEEEING.
  6420 | D:9      | Reached ** piety under Okawaru
  6485 | D:9      | Found a staircase to the Orcish Mines.
  6486 | D:9      | Found Juiwk's Weapon Shop.
  6507 | D:9      | 6507 ||| RETREEEEATING.
  6509 | D:9      | 6509 ||| RETREEEEATING.
  6510 | D:9      | 6510 ||| RETREEEEATING.
  6511 | D:9      | 6511 ||| RETREEEEATING.
  6512 | D:9      | 6512 ||| RETREEEEATING.
  6513 | D:9      | 6513 ||| RETREEEEATING.
  6676 | D:9      | 6676 ||| INVOKING Heroism.
  6699 | D:9      | Reached XP level 11. HP: 67/68 MP: 14/14
  6744 | D:9      | 6744 ||| FLEEEEING.
  6914 | D:9      | Noticed a two-headed ogre
  6915 | D:9      | 6915 ||| INVOKING Heroism.
  6926 | D:9      | Killed a two-headed ogre
  6926 | D:9      | Reached *** piety under Okawaru
  6927 | D:9      | Reached skill level 9 in Fighting
  7085 | D:9      | 7085 ||| READING 2 scrolls of identify.
  7085 | D:9      | 7085 ||| IDENTIFYING viscous red potion
  7128 | D:10     | Entered Level 10 of the Dungeon
  7129 | D:10     | 7129 ||| STAIRDANCE
  7134 | D:10     | 7134 ||| STAIRDANCE
  7155 | D:10     | 7155 ||| STAIRDANCE
  7168 | D:10     | 7168 ||| STAIRDANCE
  7170 | D:9      | 7170 ||| FLEEEEING.
  7278 | D:10     | 7278 ||| FLEEEEING.
  7471 | D:10     | 7471 ||| RETREEEEATING.
  7518 | D:10     | Noticed an orange crystal statue
  7528 | D:10     | 7528 ||| RETREEEEATING.
  7529 | D:10     | 7529 ||| RETREEEEATING.
  7530 | D:10     | 7530 ||| RETREEEEATING.
  7556 | D:10     | 7556 ||| FLEEEEING.
  7558 | D:10     | 7558 ||| FLEEEEING.
  7559 | D:10     | 7559 ||| FLEEEEING.
  7560 | D:10     | 7560 ||| FLEEEEING.
  7561 | D:10     | 7561 ||| FLEEEEING.
  7562 | D:10     | 7562 ||| FLEEEEING.
  7563 | D:10     | 7563 ||| FLEEEEING.
  7568 | D:10     | 7568 ||| FLEEEEING.
  7601 | D:10     | Found a staircase to the Lair.
  7601 | D:10     | Noticed an oklob plant
  7602 | D:10     | 7602 ||| INVOKING Heroism.
  7607 | D:10     | 7607 ||| DROPPING +0 ring mail.
  7617 | D:10     | 7617 ||| FLEEEEING.
  7716 | D:10     | 7716 ||| FLEEEEING.
  7759 | D:10     | 7759 ||| FLEEEEING.
  7837 | D:10     | 7837 ||| DRINKING 3 potions of curing.
  7837 | D:10     | 7837 ||| (to cure confusion)
  7838 | D:10     | 7838 ||| FLEEEEING.
  7876 | D:10     | 7876 ||| UPGRADING to +0 troll leather armour.
  7879 | D:10     | 7879 ||| UPGRADING to +0 troll leather armour.
  7892 | D:10     | HP: 15/71 [gargoyle/+0 mace[an orange crystal statue] (7)]
  7893 | D:10     | 7893 ||| READING scroll of teleportation.
  7894 | D:10     | 7894 ||| DRINKING potion of heal wounds.
  7926 | D:10     | 7926 ||| UPGRADING to +0 troll leather armour.
  7936 | D:10     | 7936 ||| DROPPING +1 robe of cold resistance.
  8454 | D:10     | 8454 ||| PLANNING LAIR
  8463 | Lair:1   | Entered Level 1 of the Lair of Beasts
  8479 | Lair:1   | Reached skill level 3 in Armour
  8551 | Lair:1   | 8551 ||| RETREEEEATING.
  8555 | Lair:1   | 8555 ||| RETREEEEATING.
  8586 | Lair:1   | Reached **** piety under Okawaru
  8587 | Lair:1   | Reached skill level 10 in Fighting
  8642 | Lair:1   | 8642 ||| RETREEEEATING.
  8643 | Lair:1   | 8643 ||| RETREEEEATING.
  8644 | Lair:1   | 8644 ||| RETREEEEATING.
  8645 | Lair:1   | 8645 ||| RETREEEEATING.
  8647 | Lair:1   | 8647 ||| RETREEEEATING.
  8686 | Lair:1   | Noticed a death yak
  8687 | Lair:1   | 8687 ||| INVOKING Finesse.
  8688 | Lair:1   | Noticed a death yak
  8692 | Lair:1   | 8692 ||| RETREEEEATING.
  8694 | Lair:1   | 8694 ||| RETREEEEATING.
  8695 | Lair:1   | 8695 ||| RETREEEEATING.
  8696 | Lair:1   | 8696 ||| RETREEEEATING.
  8698 | Lair:1   | 8698 ||| RETREEEEATING.
  8702 | Lair:1   | 8702 ||| RETREEEEATING.
  8703 | Lair:1   | 8703 ||| RETREEEEATING.
  8712 | Lair:1   | Killed a death yak
  8712 | Lair:1   | Noticed a death yak
  8720 | Lair:1   | 8720 ||| RETREEEEATING.
  8721 | Lair:1   | 8721 ||| INVOKING Finesse.
  8738 | Lair:1   | Killed a death yak
  8751 | Lair:1   | Reached skill level 6 in Dodging
  8751 | Lair:1   | Reached skill level 6 in Invocations
  8765 | Lair:1   | HP: 18/72 [death yak (15)]
  8771 | Lair:1   | Killed a death yak
  8772 | Lair:1   | Reached XP level 12. HP: 14/77 MP: 9/16
  8778 | Lair:1   | Reached ***** piety under Okawaru
  9191 | Lair:1   | Noticed Harold
  9192 | Lair:1   | 9192 ||| INVOKING Finesse.
  9209 | Lair:1   | Killed Harold
  9835 | Lair:1   | 9835 ||| READING 4 scrolls of identify.
  9835 | Lair:1   | 9835 ||| IDENTIFYING scroll labelled FAH ALEZEUTZO
  9835 | Lair:1   | Identified a scroll of acquirement
  9836 | Lair:1   | 9836 ||| READING scroll of acquirement.
  9836 | Lair:1   | 9836 ||| ACQUIRING +3 arbalest of electrocution
  9836 | Lair:1   | Acquired a +3 arbalest of electrocution
  9838 | Lair:1   | 9838 ||| SWAPPING to +3 arbalest of electrocution.
  9839 | Lair:1   | 9839 ||| DROPPING +0 orcbow.
  9840 | Lair:1   | 9840 ||| READING 3 scrolls of identify.
  9840 | Lair:1   | 9840 ||| IDENTIFYING scroll labelled FEGGOCZ BEJORR
  9841 | Lair:1   | 9841 ||| READING scroll of brand weapon.
  9841 | Lair:1   | 9841 ||| BRANDING +3 arbalest of electrocution.
  9877 | Lair:2   | 9877 ||| STAIRDANCE
  9886 | Lair:2   | 9886 ||| STAIRDANCE
  9949 | Lair:2   | Noticed a skyshark
  9950 | Lair:2   | 9950 ||| INVOKING Finesse.
  9963 | Lair:2   | Killed a skyshark
 10062 | Lair:2   | Reached skill level 15 in Ranged Weapons
 10142 | Lair:2   | 10142 ||| FLEEEEING.
 10226 | Lair:2   | Reached skill level 9 in Invocations
 10228 | Lair:2   | 10228 ||| INVOKING Finesse.
 10229 | Lair:2   | 10229 ||| INVOKING Heroism.
 10301 | Lair:2   | Found a stormy altar of Qazlal.
 10666 | Lair:2   | Found a staircase to the Snake Pit.
 10812 | Lair:3   | 10812 ||| RETREEEEATING.
 10872 | Lair:3   | Found a staircase to the Shoals.
 10955 | Lair:3   | Noticed a skyshark
 10956 | Lair:3   | 10956 ||| INVOKING Finesse.
 10963 | Lair:3   | Killed a skyshark
 11087 | Lair:3   | 11087 ||| RETREEEEATING.
 11167 | Lair:3   | Reached XP level 13. HP: 82/82 MP: 20/20
 11184 | Lair:3   | 11184 ||| RETREEEEATING.
 11185 | Lair:3   | 11185 ||| RETREEEEATING.
 11186 | Lair:3   | 11186 ||| RETREEEEATING.
 11187 | Lair:3   | 11187 ||| RETREEEEATING.
 11188 | Lair:3   | 11188 ||| RETREEEEATING.
 11189 | Lair:3   | 11189 ||| RETREEEEATING.
 11190 | Lair:3   | 11190 ||| RETREEEEATING.
 11191 | Lair:3   | 11191 ||| RETREEEEATING.
 11195 | Lair:3   | Received a gift from Okawaru
 11228 | Lair:3   | 11228 ||| RETREEEEATING.
 11229 | Lair:3   | 11229 ||| RETREEEEATING.
 11230 | Lair:3   | 11230 ||| RETREEEEATING.
 11248 | Lair:3   | 11248 ||| FLEEEEING.
 11249 | Lair:3   | 11249 ||| FLEEEEING.
 11250 | Lair:3   | 11250 ||| FLEEEEING.
 11251 | Lair:3   | 11251 ||| FLEEEEING.
 11609 | Lair:3   | Reached skill level 11 in Fighting
 11890 | Lair:4   | Received a gift from Okawaru
 11950 | Lair:4   | 11950 ||| RETREEEEATING.
 11951 | Lair:4   | 11951 ||| RETREEEEATING.
 11953 | Lair:4   | 11953 ||| RETREEEEATING.
 11955 | Lair:4   | 11955 ||| RETREEEEATING.
 11956 | Lair:4   | 11956 ||| RETREEEEATING.
 11957 | Lair:4   | 11957 ||| RETREEEEATING.
 11958 | Lair:4   | 11958 ||| RETREEEEATING.
 11959 | Lair:4   | 11959 ||| RETREEEEATING.
 11960 | Lair:4   | 11960 ||| RETREEEEATING.
 11961 | Lair:4   | 11961 ||| RETREEEEATING.
 11962 | Lair:4   | 11962 ||| RETREEEEATING.
 11963 | Lair:4   | 11963 ||| RETREEEEATING.
 11964 | Lair:4   | 11964 ||| RETREEEEATING.
 11965 | Lair:4   | 11965 ||| RETREEEEATING.
 11966 | Lair:4   | 11966 ||| RETREEEEATING.
 11967 | Lair:4   | 11967 ||| RETREEEEATING.
 11968 | Lair:4   | 11968 ||| RETREEEEATING.
 11969 | Lair:4   | 11969 ||| RETREEEEATING.
 11970 | Lair:4   | 11970 ||| RETREEEEATING.
 11971 | Lair:4   | 11971 ||| RETREEEEATING.
 11972 | Lair:4   | 11972 ||| RETREEEEATING.
 11983 | Lair:4   | 11983 ||| RETREEEEATING.
 11984 | Lair:4   | 11984 ||| RETREEEEATING.
 11985 | Lair:4   | 11985 ||| RETREEEEATING.
 11986 | Lair:4   | 11986 ||| RETREEEEATING.
 12010 | Lair:4   | 12010 ||| INVOKING Finesse.
 12011 | Lair:4   | 12011 ||| INVOKING Heroism.
 12090 | Lair:4   | 12090 ||| RETREEEEATING.
 12091 | Lair:4   | 12091 ||| RETREEEEATING.
 12093 | Lair:4   | 12093 ||| RETREEEEATING.
 12096 | Lair:4   | 12096 ||| RETREEEEATING.
 12097 | Lair:4   | 12097 ||| RETREEEEATING.
 12098 | Lair:4   | 12098 ||| RETREEEEATING.
 12186 | Lair:4   | 12186 ||| FLEEEEING.
 12214 | Lair:4   | 12214 ||| RETREEEEATING.
 12292 | Lair:4   | 12292 ||| RETREEEEATING.
 12385 | Lair:4   | 12385 ||| READING scroll of enchant armour.
 12385 | Lair:4   | 12385 ||| ENCHANTING +0 helmet.
 12735 | Lair:4   | Reached ****** piety under Okawaru
 12741 | Lair:4   | 12741 ||| FLEEEEING.
 12751 | Lair:4   | 12751 ||| INVOKING Receive Weapon.
 12751 | Lair:4   | 12751 ||| ACQUIRING +6 arbalest "Damnation" {damnation}
 12751 | Lair:4   | Acquired the +6 arbalest "Damnation" {damnation}
 12751 | Lair:4   | Received a gift from Okawaru
 12751 | Lair:4   | Found the +6 arbalest "Damnation" {damnation}
 12752 | Lair:4   | 12752 ||| INVOKING Receive Armour.
 12752 | Lair:4   | 12752 ||| ACQUIRING +3 pair of gauntlets of War {Slay+5}
 12752 | Lair:4   | Acquired the +3 pair of gauntlets of War {Slay+5}
 12752 | Lair:4   | Received a gift from Okawaru
 12752 | Lair:4   | Found the +3 pair of gauntlets of War {Slay+5}
 12754 | Lair:4   | 12754 ||| SWAPPING to +6 arbalest "Damnation" {damnation}.
 12755 | Lair:4   | 12755 ||| DROPPING +3 arbalest of draining.
 12827 | Lair:4   | Received a gift from Okawaru
 12912 | Lair:4   | 12912 ||| UPGRADING to +3 pair of gauntlets of War
                  | {Slay+5}.
 12922 | Lair:4   | 12922 ||| DROPPING +2 pair of gloves of infusion.
 12993 | Lair:5   | Entered Level 5 of the Lair of Beasts
 12995 | Lair:5   | 12995 ||| RETREEEEATING.
 12996 | Lair:5   | 12996 ||| RETREEEEATING.
 12997 | Lair:5   | 12997 ||| RETREEEEATING.
 13016 | Lair:5   | 13016 ||| RETREEEEATING.
 13017 | Lair:5   | 13017 ||| RETREEEEATING.
 13018 | Lair:5   | 13018 ||| RETREEEEATING.
 13019 | Lair:5   | 13019 ||| RETREEEEATING.
 13021 | Lair:5   | 13021 ||| INVOKING Finesse.
 13030 | Lair:5   | Gained mutation: Your large and strong wings let you fly.
                  | [Gargoyle growth]
 13030 | Lair:5   | Reached XP level 14. HP: 90/90 MP: 15/21
 13080 | Lair:5   | 13080 ||| RETREEEEATING.
 13083 | Lair:5   | 13083 ||| RETREEEEATING.
 13086 | Lair:5   | 13086 ||| RETREEEEATING.
 13087 | Lair:5   | 13087 ||| RETREEEEATING.
 13090 | Lair:5   | Reached skill level 18 in Ranged Weapons
 13094 | Lair:5   | 13094 ||| RETREEEEATING.
 13098 | Lair:5   | 13098 ||| RETREEEEATING.
 13136 | Lair:5   | Received a gift from Okawaru
 13156 | Lair:5   | 13156 ||| RETREEEEATING.
 13164 | Lair:5   | 13164 ||| RETREEEEATING.
 13166 | Lair:5   | 13166 ||| RETREEEEATING.
 13167 | Lair:5   | 13167 ||| RETREEEEATING.
 13169 | Lair:5   | Reached skill level 12 in Fighting
 13307 | Lair:5   | Received a gift from Okawaru
 13531 | Lair:5   | Identified the +3 short sword "Niarphui" {venom, rElec
                  | Dex+2}
 13706 | Lair:5   | Found a viscous altar of Jiyva.
 13709 | Lair:5   | Found a staircase to the Slime Pits.
 13818 | Lair:5   | 13818 ||| PLANNING D:1-11
 13818 | Lair:5   | 13818 ||| READING 7 scrolls of identify.
 13818 | Lair:5   | 13818 ||| IDENTIFYING scroll labelled FOPLOV FAXUET
 13819 | Lair:5   | 13819 ||| DROPPING scroll of poison.
 14066 | D:11     | Reached skill level 13 in Fighting
 14492 | D:11     | 14492 ||| READING scroll of enchant armour.
 14492 | D:11     | 14492 ||| ENCHANTING +1 helmet.
 14581 | D:11     | 14581 ||| PLANNING D
 14624 | D:12     | Received a gift from Okawaru
 14700 | D:12     | 14700 ||| FLEEEEING.
 14701 | D:12     | 14701 ||| FLEEEEING.
 14703 | D:12     | 14703 ||| FLEEEEING.
 14704 | D:12     | 14704 ||| FLEEEEING.
 14705 | D:12     | 14705 ||| FLEEEEING.
 14706 | D:12     | 14706 ||| FLEEEEING.
 14708 | D:12     | 14708 ||| FLEEEEING.
 14709 | D:12     | 14709 ||| FLEEEEING.
 14710 | D:12     | 14710 ||| FLEEEEING.
 14711 | D:12     | 14711 ||| FLEEEEING.
 14712 | D:12     | 14712 ||| FLEEEEING.
 14713 | D:12     | 14713 ||| FLEEEEING.
 14714 | D:12     | 14714 ||| FLEEEEING.
 14715 | D:12     | 14715 ||| FLEEEEING.
 14716 | D:12     | 14716 ||| FLEEEEING.
 14717 | D:12     | 14717 ||| FLEEEEING.
 14718 | D:12     | 14718 ||| FLEEEEING.
 14719 | D:12     | 14719 ||| FLEEEEING.
 14720 | D:12     | 14720 ||| FLEEEEING.
 14721 | D:12     | 14721 ||| FLEEEEING.
 14722 | D:12     | 14722 ||| FLEEEEING.
 14723 | D:12     | 14723 ||| FLEEEEING.
 14724 | D:12     | 14724 ||| INVOKING Finesse.
 14780 | D:12     | Reached skill level 9 in Dodging
 14934 | D:12     | Reached skill level 6 in Armour
 14934 | D:12     | Found Zour's Assorted Antiques.
 14948 | D:12     | 14948 ||| BUYING potion of enlightenment (180 gold).
 14948 | D:12     | Bought a potion of enlightenment for 180 gold pieces
 14948 | D:12     | 14948 ||| BUYING scroll labelled ROSIEFE UJUTEOSO (36
                  | gold).
 14948 | D:12     | Bought a scroll labelled ROSIEFE UJUTEOSO for 36 gold
                  | pieces
 14948 | D:12     | 14948 ||| BUYING scroll of teleportation (108 gold).
 14948 | D:12     | Bought a scroll of teleportation for 108 gold pieces
 14948 | D:12     | 14948 ||| BUYING wand of paralysis (3) (259 gold).
 14948 | D:12     | Bought a wand of paralysis (3) for 259 gold pieces
 14994 | D:12     | 14994 ||| RETREEEEATING.
 14995 | D:12     | 14995 ||| RETREEEEATING.
 14996 | D:12     | 14996 ||| RETREEEEATING.
 14997 | D:12     | 14997 ||| RETREEEEATING.
 15001 | D:12     | 15001 ||| RETREEEEATING.
 15006 | D:12     | 15006 ||| READING 6 scrolls of teleportation.
 15249 | D:12     | 15249 ||| READING 7 scrolls of identify.
 15249 | D:12     | 15249 ||| IDENTIFYING scroll labelled ROSIEFE UJUTEOSO
 15250 | D:12     | 15250 ||| DROPPING scroll of blinking.
 15556 | D:13     | Reached XP level 15. HP: 99/99 MP: 22/22
 15877 | D:14     | Reached skill level 14 in Fighting
 15882 | D:14     | Received a gift from Okawaru
 15886 | D:14     | Found a gate to the Vaults.
 16065 | D:14     | 16065 ||| RETREEEEATING.
 16215 | D:14     | 16215 ||| READING scroll of enchant armour.
 16215 | D:14     | 16215 ||| ENCHANTING +0 troll leather armour.
 16568 | D:15     | Entered Level 15 of the Dungeon
 16569 | D:15     | 16569 ||| RETREEEEATING.
 16570 | D:15     | 16570 ||| RETREEEEATING.
 16577 | D:15     | Received a gift from Okawaru
 16672 | D:15     | Noticed a frost giant
 16673 | D:15     | 16673 ||| INVOKING Finesse.
 16675 | D:15     | 16675 ||| INVOKING Heroism.
 16677 | D:15     | Killed a frost giant
 16679 | D:15     | Found a staircase to the Depths.
 16813 | D:15     | Reached skill level 15 in Fighting
 16813 | D:15     | 16813 ||| RETREEEEATING.
 16814 | D:15     | 16814 ||| RETREEEEATING.
 16816 | D:15     | 16816 ||| RETREEEEATING.
 16817 | D:15     | 16817 ||| RETREEEEATING.
 16819 | D:15     | 16819 ||| RETREEEEATING.
 16820 | D:15     | 16820 ||| RETREEEEATING.
 17081 | D:15     | Found Unameycs's Antique Weapon Boutique.
 17100 | D:15     | Received a gift from Okawaru
 17122 | D:15     | Reached skill level 16 in Fighting
 17180 | D:15     | Found a snail-covered altar of Cheibriados.
 17370 | D:15     | 17370 ||| PLANNING ORC
 17515 | Orc:1    | Entered Level 1 of the Orcish Mines
 17581 | Orc:2    | Entered Level 2 of the Orcish Mines
 17582 | Orc:2    | 17582 ||| STAIRDANCE
 17590 | Orc:2    | 17590 ||| STAIRDANCE
 17598 | Orc:1    | 17598 ||| FLEEEEING.
 17609 | Orc:2    | 17609 ||| STAIRDANCE
 17614 | Orc:2    | 17614 ||| STAIRDANCE
 17622 | Orc:2    | 17622 ||| STAIRDANCE
 17647 | Orc:2    | Reached XP level 16. HP: 110/110 MP: 23/23
 17652 | Orc:2    | Received a gift from Okawaru
 17678 | Orc:2    | Found Akky's Book Shoppe.
 17719 | Orc:2    | Found a staircase to the Elven Halls.
 17726 | Orc:2    | Found Soul's General Store.
 17735 | Orc:2    | 17735 ||| BUYING potion of might (56 gold).
 17735 | Orc:2    | Bought a potion of might for 56 gold pieces
 17735 | Orc:2    | 17735 ||| BUYING scroll of identify (28 gold).
 17735 | Orc:2    | Bought a scroll of identify for 28 gold pieces
 17735 | Orc:2    | 17735 ||| BUYING wand of polymorph (1) (19 gold).
 17735 | Orc:2    | Bought a wand of polymorph (1) for 19 gold pieces
 17942 | Orc:2    | Found Tiokunok's Antique Weapon Shop.
 18405 | Orc:2    | Found Vusonk's Antique Armour Shop.
 18417 | Orc:2    | 18417 ||| BUYING glowing cloak (210 gold).
 18417 | Orc:2    | Bought a glowing cloak for 210 gold pieces
 18417 | Orc:2    | 18417 ||| BUYING glowing ring mail (196 gold).
 18417 | Orc:2    | Bought a glowing ring mail for 196 gold pieces
 18417 | Orc:2    | 18417 ||| BUYING pair of boots (126 gold).
 18417 | Orc:2    | Bought a pair of boots for 126 gold pieces
 18611 | Orc:2    | 18611 ||| PLANNING SNAKE:1-3
 18611 | Orc:2    | 18611 ||| DROPPING +2 cloak of preservation.
 18612 | Orc:2    | 18612 ||| UPGRADING to +3 ring mail of fire resistance.
 18622 | Orc:2    | 18622 ||| UPGRADING to +0 pair of boots.
 18804 | Snake:1  | Entered Level 1 of the Snake Pit
 18915 | Snake:1  | 18915 ||| INVOKING Finesse.
 19198 | Snake:1  | 19198 ||| RETREEEEATING.
 19199 | Snake:1  | 19199 ||| RETREEEEATING.
 19201 | Snake:1  | Received a gift from Okawaru
 19213 | Snake:1  | Reached skill level 9 in Armour
 19451 | Snake:1  | Noticed Roxanne
 19452 | Snake:1  | 19452 ||| INVOKING Finesse.
 19459 | Snake:1  | Killed Roxanne
 19840 | Snake:2  | Found Oreic's Magic Scroll Shop.
 19843 | Snake:2  | 19843 ||| BUYING 2 scrolls of enchant armour (270 gold).
 19843 | Snake:2  | Bought 2 scrolls of enchant armour for 270 gold pieces
 19843 | Snake:2  | 19843 ||| BUYING scroll of identify (36 gold).
 19843 | Snake:2  | Bought a scroll of identify for 36 gold pieces
 19843 | Snake:2  | 19843 ||| BUYING scroll of teleportation (54 gold).
 19843 | Snake:2  | Bought a scroll of teleportation for 54 gold pieces
 19843 | Snake:2  | 19843 ||| READING 2 scrolls of enchant armour.
 19843 | Snake:2  | 19843 ||| ENCHANTING +0 pair of boots.
 19844 | Snake:2  | 19844 ||| READING scroll of enchant armour.
 19844 | Snake:2  | 19844 ||| ENCHANTING +1 pair of boots.
 19867 | Snake:2  | 19867 ||| INVOKING Finesse.
 19868 | Snake:2  | 19868 ||| RETREEEEATING.
 19869 | Snake:2  | 19869 ||| RETREEEEATING.
 19870 | Snake:2  | 19870 ||| RETREEEEATING.
 19871 | Snake:2  | 19871 ||| RETREEEEATING.
 19872 | Snake:2  | 19872 ||| RETREEEEATING.
 19873 | Snake:2  | 19873 ||| RETREEEEATING.
 19874 | Snake:2  | 19874 ||| RETREEEEATING.
 20007 | Snake:2  | 20007 ||| RETREEEEATING.
 20024 | Snake:2  | 20024 ||| READING 2 scrolls of acquirement.
 20024 | Snake:2  | 20024 ||| ACQUIRING 951 gold pieces
 20024 | Snake:2  | Acquired 951 gold pieces
 20026 | Snake:2  | 20026 ||| READING scroll of acquirement.
 20026 | Snake:2  | 20026 ||| ACQUIRING ring of Nenteija {rPois rCorr Slay-3
                  | SInv Stlth+}
 20026 | Snake:2  | Acquired the ring of Nenteija {rPois rCorr Slay-3 SInv
                  | Stlth+}
 20111 | Snake:2  | Received a gift from Okawaru
 20142 | Snake:2  | Noticed a nagaraja
 20143 | Snake:2  | 20143 ||| INVOKING Finesse.
 20148 | Snake:2  | Killed a nagaraja
 20149 | Snake:2  | Reached skill level 17 in Fighting
 20166 | Snake:2  | 20166 ||| FLEEEEING.
 20460 | Snake:3  | 20460 ||| STAIRDANCE
 20472 | Snake:3  | 20472 ||| STAIRDANCE
 20526 | Snake:3  | 20526 ||| RETREEEEATING.
 20527 | Snake:3  | 20527 ||| RETREEEEATING.
 20528 | Snake:3  | 20528 ||| RETREEEEATING.
 20544 | Snake:3  | 20544 ||| RETREEEEATING.
 20545 | Snake:3  | 20545 ||| RETREEEEATING.
 20546 | Snake:3  | 20546 ||| RETREEEEATING.
 20551 | Snake:3  | 20551 ||| ZAPPING wand of acid (6) at -2,-1 (naga mage;
                  | floor).
 20552 | Snake:3  | 20552 ||| ZAPPING wand of acid (5) at -2,-1 (naga mage;
                  | floor).
 20553 | Snake:3  | 20553 ||| INVOKING Finesse.
 20563 | Snake:3  | Reached skill level 18 in Fighting
 20563 | Snake:3  | Reached XP level 17. HP: 106/119 MP: 19/24
 20669 | Snake:3  | Received a gift from Okawaru
 20801 | Snake:3  | 20801 ||| RETREEEEATING.
 20808 | Snake:3  | Reached skill level 12 in Armour
 20821 | Snake:3  | Noticed Vashnia
 20822 | Snake:3  | 20822 ||| INVOKING Finesse.
 20833 | Snake:3  | Killed Vashnia
 21204 | Snake:3  | 21204 ||| PLANNING SHOALS:1-3
 21204 | Snake:3  | 21204 ||| DROPPING +6 ring of intelligence.
 21367 | Shoals:1 | Entered Level 1 of the Shoals
 21378 | Shoals:1 | Received a gift from Okawaru
 21383 | Shoals:1 | 21383 ||| STAIRDANCE
 21395 | Shoals:1 | 21395 ||| STAIRDANCE
 21406 | Shoals:1 | 21406 ||| STAIRDANCE
 21419 | Shoals:1 | 21419 ||| STAIRDANCE
 21448 | Shoals:1 | 21448 ||| STAIRDANCE
 21455 | Shoals:1 | 21455 ||| STAIRDANCE
 21464 | Shoals:1 | 21464 ||| STAIRDANCE
 21468 | Lair:3   | 21468 ||| FLEEEEING.
 21535 | Shoals:1 | Reached skill level 19 in Fighting
 22174 | Shoals:1 | Noticed a kraken
 22180 | Shoals:1 | Found a transporter.
 22185 | Shoals:1 | Found a transporter.
 22185 | Shoals:1 | Noticed royokou's ghost (adept GrEE)
 22247 | Shoals:2 | 22247 ||| INVOKING Finesse.
 22250 | Shoals:2 | 22250 ||| STAIRDANCE
 22276 | Shoals:2 | 22276 ||| STAIRDANCE
 22280 | Shoals:1 | Received a gift from Okawaru
 22385 | Shoals:2 | Reached skill level 12 in Dodging
 22424 | Shoals:2 | 22424 ||| FLEEEEING.
 22533 | Shoals:2 | 22533 ||| DROPPING +1 pair of boots.
 22579 | Shoals:2 | Found Goyhaow's Armour Shop.
 22587 | Shoals:2 | 22587 ||| BUYING scarf "Kiextuk" {repulsion, Dex+4} (254
                  | gold).
 22587 | Shoals:2 | Bought the scarf "Kiextuk" {repulsion, Dex+4} for 254 gold
                  | pieces
 23008 | Shoals:2 | 23008 ||| FLEEEEING.
 23018 | Shoals:2 | 23018 ||| STAIRDANCE
 23120 | Shoals:1 | 23120 ||| UPGRADING to scarf "Kiextuk" {repulsion, Dex+4}.
 23130 | Shoals:1 | 23130 ||| DROPPING +2 cloak.
 23207 | Shoals:3 | 23207 ||| INVOKING Finesse.
 23211 | Shoals:3 | 23211 ||| STAIRDANCE
 23239 | Shoals:3 | Received a gift from Okawaru
 23245 | Shoals:3 | 23245 ||| STAIRDANCE
 23251 | Shoals:3 | 23251 ||| STAIRDANCE
 23329 | Shoals:3 | Noticed Mlioglotl
 23330 | Shoals:3 | 23330 ||| INVOKING Finesse.
 23338 | Shoals:3 | Killed Mlioglotl
 23339 | Shoals:3 | Reached XP level 18. HP: 128/128 MP: 20/25
 23577 | Shoals:3 | Found Entaybic's Weapon Boutique.
 23625 | Shoals:3 | Received a gift from Okawaru
 23989 | Shoals:3 | 23989 ||| PLANNING SNAKE:4
 23989 | Shoals:3 | 23989 ||| DROPPING wand of mindburst (19).
 24210 | Snake:4  | Entered Level 4 of the Snake Pit
 24213 | Snake:4  | Found an iron altar of Okawaru.
 24222 | Snake:4  | 24222 ||| ZAPPING wand of acid (4) at -5,-3 (naga warrior;
                  | floor).
 24223 | Snake:4  | 24223 ||| ZAPPING wand of acid (3) at -5,-3 (naga warrior;
                  | floor).
 24223 | Snake:4  | Identified the serpent talisman of the Elven Halls {rElec
                  | MP+9 Str-2 Dex+4}
 24223 | Snake:4  | Noticed Aizul
 24224 | Snake:4  | 24224 ||| INVOKING Finesse.
 24233 | Snake:4  | Killed Aizul
 24290 | Snake:4  | 24290 ||| RETREEEEATING.
 24292 | Snake:4  | 24292 ||| RETREEEEATING.
 24296 | Snake:4  | 24296 ||| RETREEEEATING.
 24299 | Snake:4  | 24299 ||| INVOKING Finesse.
 24372 | Snake:4  | Reached skill level 20 in Fighting
 24380 | Snake:4  | 24380 ||| INVOKING Finesse.
 24382 | Snake:4  | 24382 ||| RETREEEEATING.
 24383 | Snake:4  | 24383 ||| RETREEEEATING.
 24397 | Snake:4  | Noticed Bai Suzhen
 24402 | Snake:4  | Killed Bai Suzhen
 24416 | Snake:4  | 24416 ||| FLEEEEING.
 24627 | Snake:4  | 24627 ||| RETREEEEATING.
 24628 | Snake:4  | 24628 ||| RETREEEEATING.
 24629 | Snake:4  | 24629 ||| RETREEEEATING.
 24630 | Snake:4  | 24630 ||| RETREEEEATING.
 24631 | Snake:4  | 24631 ||| RETREEEEATING.
 24632 | Snake:4  | 24632 ||| RETREEEEATING.
 24633 | Snake:4  | 24633 ||| RETREEEEATING.
 24634 | Snake:4  | 24634 ||| RETREEEEATING.
 24635 | Snake:4  | 24635 ||| INVOKING Finesse.
 24636 | Snake:4  | 24636 ||| INVOKING Heroism.
 24639 | Snake:4  | Received a gift from Okawaru
 24661 | Snake:4  | 24661 ||| FLEEEEING.
 24669 | Snake:4  | 24669 ||| FLEEEEING.
 24964 | Snake:4  | 24964 ||| RETREEEEATING.
 24966 | Snake:4  | 24966 ||| RETREEEEATING.
 24967 | Snake:4  | 24967 ||| RETREEEEATING.
 24968 | Snake:4  | 24968 ||| RETREEEEATING.
 24969 | Snake:4  | 24969 ||| RETREEEEATING.
 24971 | Snake:4  | 24971 ||| INVOKING Finesse.
 25015 | Snake:4  | Received a gift from Okawaru
 25057 | Snake:4  | Reached skill level 21 in Fighting
 25071 | Snake:4  | 25071 ||| INVOKING Finesse.
 25084 | Snake:4  | Reached XP level 19. HP: 95/137 MP: 21/26
 25111 | Snake:4  | 25111 ||| FLEEEEING.
 25112 | Snake:4  | 25112 ||| FLEEEEING.
 25153 | Snake:4  | Got a serpentine rune of Zot
 25187 | Snake:4  | 25187 ||| PLANNING VAULTS:1-4
 25561 | Vaults:1 | Entered Level 1 of the Vaults
 25562 | Vaults:1 | 25562 ||| PLANNING DESOLATION
 25567 | Vaults:1 | 25567 ||| INVOKING Finesse.
 25737 | Vaults:1 | 25737 ||| ZAPPING wand of acid (2) at -2,-5 (ironbound
                  | frostheart; floor).
 25738 | Vaults:1 | 25738 ||| ZAPPING wand of acid (1) at -2,-5 (ironbound
                  | frostheart; floor).
 25739 | Vaults:1 | 25739 ||| RETREEEEATING.
 25740 | Vaults:1 | 25740 ||| RETREEEEATING.
 25741 | Vaults:1 | 25741 ||| RETREEEEATING.
 25742 | Vaults:1 | 25742 ||| RETREEEEATING.
 25743 | Vaults:1 | 25743 ||| RETREEEEATING.
 25744 | Vaults:1 | 25744 ||| RETREEEEATING.
 25746 | Vaults:1 | 25746 ||| RETREEEEATING.
 25747 | Vaults:1 | 25747 ||| RETREEEEATING.
 25748 | Vaults:1 | 25748 ||| RETREEEEATING.
 25749 | Vaults:1 | 25749 ||| RETREEEEATING.
 25750 | Vaults:1 | 25750 ||| RETREEEEATING.
 25755 | Vaults:1 | 25755 ||| INVOKING Finesse.
 25757 | Vaults:1 | Reached skill level 15 in Dodging
 25767 | Vaults:1 | Received a gift from Okawaru
 25768 | Vaults:1 | 25768 ||| FLEEEEING.
 25771 | Vaults:1 | 25771 ||| FLEEEEING.
 25787 | Vaults:1 | 25787 ||| FLEEEEING.
 25914 | Vaults:1 | 25914 ||| FLEEEEING.
 25915 | Vaults:1 | 25915 ||| FLEEEEING.
 25916 | Vaults:1 | 25916 ||| FLEEEEING.
 25917 | Vaults:1 | 25917 ||| FLEEEEING.
 25918 | Vaults:1 | 25918 ||| FLEEEEING.
 25919 | Vaults:1 | 25919 ||| FLEEEEING.
 25920 | Vaults:1 | 25920 ||| FLEEEEING.
 25921 | Vaults:1 | 25921 ||| FLEEEEING.
 25922 | Vaults:1 | 25922 ||| FLEEEEING.
 25923 | Vaults:1 | 25923 ||| FLEEEEING.
 25924 | Vaults:1 | 25924 ||| FLEEEEING.
 25925 | Vaults:1 | 25925 ||| FLEEEEING.
 25926 | Vaults:1 | 25926 ||| FLEEEEING.
 25927 | Vaults:1 | 25927 ||| FLEEEEING.
 25928 | Vaults:1 | 25928 ||| FLEEEEING.
 26106 | Vaults:1 | Found a crumbling gateway.
 26179 | Vaults:1 | Noticed Donald
 26181 | Vaults:1 | 26181 ||| INVOKING Finesse.
 26183 | Vaults:1 | Killed Donald
 26336 | Vaults:1 | 26336 ||| RIP DESOLATION
 26337 | Vaults:1 | 26337 ||| PLANNING VAULTS:1-4
 26343 | Vaults:1 | 26343 ||| INVOKING Finesse.
 26454 | Vaults:1 | 26454 ||| RETREEEEATING.
 26460 | Vaults:1 | 26460 ||| RETREEEEATING.
 26461 | Vaults:1 | 26461 ||| RETREEEEATING.
 26462 | Vaults:1 | 26462 ||| RETREEEEATING.
 26463 | Vaults:1 | 26463 ||| RETREEEEATING.
 26469 | Vaults:1 | 26469 ||| INVOKING Finesse.
 26480 | Vaults:1 | 26480 ||| FLEEEEING.
 26495 | Vaults:1 | 26495 ||| FLEEEEING.
 27016 | Vaults:2 | Reached skill level 22 in Fighting
 27017 | Vaults:2 | 27017 ||| INVOKING Finesse.
 27040 | Vaults:2 | 27040 ||| FLEEEEING.
 27041 | Vaults:2 | 27041 ||| FLEEEEING.
 27042 | Vaults:2 | 27042 ||| FLEEEEING.
 27043 | Vaults:2 | 27043 ||| FLEEEEING.
 27044 | Vaults:2 | 27044 ||| FLEEEEING.
 27045 | Vaults:2 | 27045 ||| FLEEEEING.
 27046 | Vaults:2 | 27046 ||| FLEEEEING.
 27050 | Vaults:2 | 27050 ||| FLEEEEING.
 27066 | Vaults:2 | 27066 ||| RETREEEEATING.
 27068 | Vaults:2 | 27068 ||| RETREEEEATING.
 27070 | Vaults:2 | 27070 ||| RETREEEEATING.
 27079 | Vaults:2 | 27079 ||| FLEEEEING.
 27080 | Vaults:2 | 27080 ||| FLEEEEING.
 27081 | Vaults:2 | 27081 ||| FLEEEEING.
 27082 | Vaults:2 | 27082 ||| FLEEEEING.
 27083 | Vaults:2 | 27083 ||| FLEEEEING.
 27084 | Vaults:2 | 27084 ||| FLEEEEING.
 27085 | Vaults:2 | 27085 ||| FLEEEEING.
 27086 | Vaults:2 | 27086 ||| FLEEEEING.
 27087 | Vaults:2 | 27087 ||| FLEEEEING.
 27088 | Vaults:2 | 27088 ||| FLEEEEING.
 27089 | Vaults:2 | 27089 ||| FLEEEEING.
 27090 | Vaults:2 | 27090 ||| FLEEEEING.
 27155 | Vaults:2 | Identified the +2 halberd of Purpose {heavy, Int+2}
 27232 | Vaults:2 | 27232 ||| INVOKING Finesse.
 27534 | Vaults:2 | Found a staircase to the Crypt.
 27580 | Vaults:2 | 27580 ||| RETREEEEATING.
 27583 | Vaults:2 | 27583 ||| RETREEEEATING.
 27590 | Vaults:2 | 27590 ||| FLEEEEING.
 27592 | Vaults:2 | 27592 ||| RETREEEEATING.
 27593 | Vaults:2 | 27593 ||| RETREEEEATING.
 27594 | Vaults:2 | Received a gift from Okawaru
 27595 | Vaults:2 | 27595 ||| INVOKING Finesse.
 27686 | Vaults:2 | Found Anyutyo's Jewellery Boutique.
 27688 | Vaults:2 | 27688 ||| FLEEEEING.
 27689 | Vaults:2 | 27689 ||| FLEEEEING.
 27690 | Vaults:2 | 27690 ||| FLEEEEING.
 27691 | Vaults:2 | 27691 ||| FLEEEEING.
 27692 | Vaults:2 | 27692 ||| FLEEEEING.
 27693 | Vaults:2 | 27693 ||| FLEEEEING.
 27694 | Vaults:2 | 27694 ||| FLEEEEING.
 27695 | Vaults:2 | 27695 ||| FLEEEEING.
 27696 | Vaults:2 | 27696 ||| FLEEEEING.
 27697 | Vaults:2 | 27697 ||| FLEEEEING.
 27698 | Vaults:2 | 27698 ||| FLEEEEING.
 27699 | Vaults:2 | 27699 ||| FLEEEEING.
 27700 | Vaults:2 | 27700 ||| FLEEEEING.
 27701 | Vaults:2 | 27701 ||| FLEEEEING.
 27702 | Vaults:2 | 27702 ||| FLEEEEING.
 27703 | Vaults:2 | 27703 ||| FLEEEEING.
 27704 | Vaults:2 | 27704 ||| FLEEEEING.
 27707 | Vaults:2 | 27707 ||| FLEEEEING.
 27708 | Vaults:2 | 27708 ||| FLEEEEING.
 27709 | Vaults:2 | 27709 ||| FLEEEEING.
 27710 | Vaults:2 | 27710 ||| FLEEEEING.
 27711 | Vaults:2 | 27711 ||| FLEEEEING.
 27712 | Vaults:2 | 27712 ||| FLEEEEING.
 27713 | Vaults:2 | 27713 ||| FLEEEEING.
 27714 | Vaults:2 | 27714 ||| FLEEEEING.
 27715 | Vaults:2 | 27715 ||| FLEEEEING.
 27717 | Vaults:2 | 27717 ||| FLEEEEING.
 27719 | Vaults:2 | 27719 ||| FLEEEEING.
 27720 | Vaults:2 | 27720 ||| FLEEEEING.
 27721 | Vaults:2 | 27721 ||| FLEEEEING.
 27722 | Vaults:2 | 27722 ||| FLEEEEING.
 27723 | Vaults:2 | 27723 ||| FLEEEEING.
 27724 | Vaults:2 | 27724 ||| FLEEEEING.
 27725 | Vaults:2 | 27725 ||| FLEEEEING.
 27726 | Vaults:2 | 27726 ||| FLEEEEING.
 27727 | Vaults:2 | 27727 ||| FLEEEEING.
 27728 | Vaults:2 | 27728 ||| FLEEEEING.
 27731 | Vaults:2 | 27731 ||| FLEEEEING.
 27732 | Vaults:2 | 27732 ||| FLEEEEING.
 27733 | Vaults:2 | 27733 ||| FLEEEEING.
 27734 | Vaults:2 | 27734 ||| FLEEEEING.
 27735 | Vaults:2 | 27735 ||| FLEEEEING.
 27736 | Vaults:2 | 27736 ||| FLEEEEING.
 27737 | Vaults:2 | 27737 ||| FLEEEEING.
 27738 | Vaults:2 | 27738 ||| FLEEEEING.
 27739 | Vaults:2 | 27739 ||| FLEEEEING.
 27740 | Vaults:2 | 27740 ||| FLEEEEING.
 27741 | Vaults:2 | 27741 ||| FLEEEEING.
 27742 | Vaults:2 | 27742 ||| FLEEEEING.
 27743 | Vaults:2 | 27743 ||| FLEEEEING.
 27744 | Vaults:2 | 27744 ||| FLEEEEING.
 27745 | Vaults:2 | 27745 ||| FLEEEEING.
 27746 | Vaults:2 | 27746 ||| FLEEEEING.
 27747 | Vaults:2 | 27747 ||| FLEEEEING.
 27748 | Vaults:2 | 27748 ||| FLEEEEING.
 27749 | Vaults:2 | 27749 ||| FLEEEEING.
 27750 | Vaults:2 | 27750 ||| FLEEEEING.
 27751 | Vaults:2 | 27751 ||| FLEEEEING.
 27752 | Vaults:2 | 27752 ||| FLEEEEING.
 27757 | Vaults:2 | 27757 ||| FLEEEEING.
 27770 | Vaults:2 | 27770 ||| FLEEEEING.
 27771 | Vaults:2 | 27771 ||| FLEEEEING.
 27772 | Vaults:2 | 27772 ||| FLEEEEING.
 27785 | Vaults:2 | 27785 ||| FLEEEEING.
 27786 | Vaults:2 | 27786 ||| FLEEEEING.
 27787 | Vaults:2 | 27787 ||| FLEEEEING.
 27800 | Vaults:2 | 27800 ||| FLEEEEING.
 27801 | Vaults:2 | 27801 ||| FLEEEEING.
 27802 | Vaults:2 | 27802 ||| FLEEEEING.
 27845 | Vaults:2 | 27845 ||| INVOKING Finesse.
 27932 | Vaults:2 | 27932 ||| INVOKING Finesse.
 27991 | Vaults:2 | 27991 ||| BUYING +6 ring of dexterity (720 gold).
 27991 | Vaults:2 | Bought a +6 ring of dexterity for 720 gold pieces
 28206 | Vaults:2 | 28206 ||| UPGRADING to +6 ring of dexterity.
 28208 | Vaults:2 | 28208 ||| DROPPING ring of positive energy.
 28209 | Vaults:2 | 28209 ||| DROPPING ring of Nenteija {rPois rCorr Slay-3
                  | SInv Stlth+}.
 28210 | Vaults:2 | 28210 ||| DROPPING ring of willpower.
 28211 | Vaults:2 | 28211 ||| READING 17 scrolls of identify.
 28211 | Vaults:2 | 28211 ||| IDENTIFYING scroll labelled XION MOSUHA
 28212 | Vaults:2 | 28212 ||| DROPPING scroll of revelation.
 28357 | Vaults:3 | Reached XP level 20. HP: 145/145 MP: 27/27
 28414 | Vaults:3 | 28414 ||| RETREEEEATING.
 28416 | Vaults:3 | 28416 ||| RETREEEEATING.
 28418 | Vaults:3 | 28418 ||| RETREEEEATING.
 28423 | Vaults:3 | 28423 ||| RETREEEEATING.
 28424 | Vaults:3 | 28424 ||| RETREEEEATING.
 28425 | Vaults:3 | 28425 ||| RETREEEEATING.
 28426 | Vaults:3 | 28426 ||| RETREEEEATING.
 28427 | Vaults:3 | 28427 ||| RETREEEEATING.
 28428 | Vaults:3 | 28428 ||| RETREEEEATING.
 28429 | Vaults:3 | 28429 ||| RETREEEEATING.
 28432 | Vaults:3 | 28432 ||| RETREEEEATING.
 28433 | Vaults:3 | 28433 ||| RETREEEEATING.
 28468 | Vaults:3 | Noticed Xtahua
 28469 | Vaults:3 | 28469 ||| DRINKING potion of resistance.
 28470 | Vaults:3 | 28470 ||| INVOKING Finesse.
 28477 | Vaults:3 | Killed Xtahua
 28547 | Vaults:3 | 28547 ||| RETREEEEATING.
 28839 | Vaults:3 | 28839 ||| FLEEEEING.
 28840 | Vaults:3 | 28840 ||| FLEEEEING.
 28841 | Vaults:3 | 28841 ||| FLEEEEING.
 28842 | Vaults:3 | 28842 ||| FLEEEEING.
 28843 | Vaults:3 | 28843 ||| FLEEEEING.
 28844 | Vaults:3 | 28844 ||| FLEEEEING.
 28845 | Vaults:3 | 28845 ||| FLEEEEING.
 28846 | Vaults:3 | 28846 ||| FLEEEEING.
 28847 | Vaults:3 | 28847 ||| FLEEEEING.
 28848 | Vaults:3 | 28848 ||| FLEEEEING.
 28849 | Vaults:3 | 28849 ||| FLEEEEING.
 28850 | Vaults:3 | 28850 ||| FLEEEEING.
 28851 | Vaults:3 | 28851 ||| FLEEEEING.
 28852 | Vaults:3 | 28852 ||| FLEEEEING.
 28853 | Vaults:3 | 28853 ||| FLEEEEING.
 28854 | Vaults:3 | 28854 ||| FLEEEEING.
 28855 | Vaults:3 | 28855 ||| FLEEEEING.
 28856 | Vaults:3 | 28856 ||| FLEEEEING.
 28857 | Vaults:3 | 28857 ||| FLEEEEING.
 28858 | Vaults:3 | 28858 ||| FLEEEEING.
 28859 | Vaults:3 | 28859 ||| FLEEEEING.
 28860 | Vaults:3 | 28860 ||| FLEEEEING.
 28861 | Vaults:3 | 28861 ||| FLEEEEING.
 28862 | Vaults:3 | 28862 ||| FLEEEEING.
 28868 | Vaults:3 | 28868 ||| FLEEEEING.
 28872 | Vaults:3 | 28872 ||| FLEEEEING.
 28873 | Vaults:3 | 28873 ||| FLEEEEING.
 28884 | Vaults:3 | 28884 ||| FLEEEEING.
 28885 | Vaults:3 | 28885 ||| FLEEEEING.
 28886 | Vaults:3 | 28886 ||| FLEEEEING.
 28887 | Vaults:3 | 28887 ||| FLEEEEING.
 28888 | Vaults:3 | 28888 ||| FLEEEEING.
 28889 | Vaults:3 | 28889 ||| FLEEEEING.
 28890 | Vaults:3 | 28890 ||| FLEEEEING.
 28891 | Vaults:3 | 28891 ||| FLEEEEING.
 28893 | Vaults:3 | 28893 ||| FLEEEEING.
 28894 | Vaults:3 | 28894 ||| FLEEEEING.
 28895 | Vaults:3 | 28895 ||| FLEEEEING.
 28896 | Vaults:3 | 28896 ||| FLEEEEING.
 28902 | Vaults:3 | 28902 ||| FLEEEEING.
 28903 | Vaults:3 | 28903 ||| FLEEEEING.
 28904 | Vaults:3 | 28904 ||| FLEEEEING.
 28905 | Vaults:3 | 28905 ||| FLEEEEING.
 28906 | Vaults:3 | 28906 ||| FLEEEEING.
 28907 | Vaults:3 | 28907 ||| FLEEEEING.
 28908 | Vaults:3 | 28908 ||| FLEEEEING.
 28909 | Vaults:3 | 28909 ||| FLEEEEING.
 28910 | Vaults:3 | 28910 ||| FLEEEEING.
 28911 | Vaults:3 | 28911 ||| FLEEEEING.
 28912 | Vaults:3 | 28912 ||| FLEEEEING.
 28913 | Vaults:3 | 28913 ||| FLEEEEING.
 28914 | Vaults:3 | 28914 ||| FLEEEEING.
 28915 | Vaults:3 | 28915 ||| FLEEEEING.
 28916 | Vaults:3 | 28916 ||| FLEEEEING.
 28917 | Vaults:3 | 28917 ||| FLEEEEING.
 28918 | Vaults:3 | 28918 ||| FLEEEEING.
 28919 | Vaults:3 | 28919 ||| FLEEEEING.
 28920 | Vaults:3 | 28920 ||| FLEEEEING.
 28921 | Vaults:3 | 28921 ||| FLEEEEING.
 28925 | Vaults:3 | 28925 ||| FLEEEEING.
 28926 | Vaults:3 | 28926 ||| FLEEEEING.
 28927 | Vaults:3 | 28927 ||| FLEEEEING.
 28928 | Vaults:3 | 28928 ||| FLEEEEING.
 28929 | Vaults:3 | 28929 ||| FLEEEEING.
 28930 | Vaults:3 | 28930 ||| STAIRDANCE
 29039 | Vaults:2 | 29039 ||| FLEEEEING.
 29149 | Vaults:2 | 29149 ||| DROPPING ring of wizardry.
 29150 | Vaults:2 | 29150 ||| DROPPING ring of resist corrosion.
 29293 | Vaults:3 | 29293 ||| RETREEEEATING.
 29302 | Vaults:3 | 29302 ||| FLEEEEING.
 29432 | Vaults:3 | Identified the +6 scale mail of the Morning Star {Regen+
                  | Str-3 Slay+2}
 29658 | Vaults:3 | Noticed Boris
 29659 | Vaults:3 | 29659 ||| INVOKING Finesse.
 29665 | Vaults:3 | Killed Boris
 29720 | Vaults:4 | 29720 ||| RETREEEEATING.
 29722 | Vaults:4 | 29722 ||| RETREEEEATING.
 29724 | Vaults:4 | 29724 ||| RETREEEEATING.
 29728 | Vaults:4 | 29728 ||| RETREEEEATING.
 29729 | Vaults:4 | 29729 ||| RETREEEEATING.
 29730 | Vaults:4 | 29730 ||| RETREEEEATING.
 29731 | Vaults:4 | 29731 ||| RETREEEEATING.
 29732 | Vaults:4 | 29732 ||| RETREEEEATING.
 29733 | Vaults:4 | 29733 ||| RETREEEEATING.
 29734 | Vaults:4 | 29734 ||| INVOKING Finesse.
 29745 | Vaults:4 | Received a gift from Okawaru
 29797 | Vaults:4 | 29797 ||| DRINKING 12 potions of curing.
 29797 | Vaults:4 | 29797 ||| (to cure confusion)
 29828 | Vaults:4 | 29828 ||| FLEEEEING.
 29949 | Vaults:4 | Found Kegafal's Jewellery Boutique.
 30013 | Vaults:4 | Noticed Norris
 30014 | Vaults:4 | 30014 ||| INVOKING Finesse.
 30025 | Vaults:4 | Killed Norris
 30268 | Vaults:4 | 30268 ||| FLEEEEING.
 30278 | Vaults:4 | 30278 ||| FLEEEEING.
 30284 | Vaults:4 | 30284 ||| FLEEEEING.
 30285 | Vaults:4 | 30285 ||| FLEEEEING.
 30286 | Vaults:4 | 30286 ||| FLEEEEING.
 30287 | Vaults:4 | 30287 ||| FLEEEEING.
 30288 | Vaults:4 | 30288 ||| FLEEEEING.
 30290 | Vaults:4 | 30290 ||| FLEEEEING.
 30291 | Vaults:4 | 30291 ||| FLEEEEING.
 30292 | Vaults:4 | 30292 ||| FLEEEEING.
 30293 | Vaults:4 | 30293 ||| FLEEEEING.
 30294 | Vaults:4 | 30294 ||| FLEEEEING.
 30295 | Vaults:4 | 30295 ||| FLEEEEING.
 30296 | Vaults:4 | 30296 ||| FLEEEEING.
 30297 | Vaults:4 | 30297 ||| FLEEEEING.
 30298 | Vaults:4 | 30298 ||| FLEEEEING.
 30299 | Vaults:4 | 30299 ||| FLEEEEING.
 30300 | Vaults:4 | 30300 ||| FLEEEEING.
 30301 | Vaults:4 | 30301 ||| FLEEEEING.
 30302 | Vaults:4 | 30302 ||| FLEEEEING.
 30303 | Vaults:4 | 30303 ||| FLEEEEING.
 30304 | Vaults:4 | 30304 ||| FLEEEEING.
 30305 | Vaults:4 | 30305 ||| FLEEEEING.
 30306 | Vaults:4 | 30306 ||| FLEEEEING.
 30307 | Vaults:4 | 30307 ||| FLEEEEING.
 30308 | Vaults:4 | 30308 ||| FLEEEEING.
 30309 | Vaults:4 | 30309 ||| FLEEEEING.
 30320 | Vaults:4 | 30320 ||| FLEEEEING.
 30341 | Vaults:4 | 30341 ||| FLEEEEING.
 30451 | Vaults:4 | 30451 ||| FLEEEEING.
 30457 | Vaults:4 | 30457 ||| STAIRDANCE
 30545 | Vaults:4 | 30545 ||| ZAPPING wand of acid (6) at 4,1 (crystal
                  | guardian; floor).
 30546 | Vaults:4 | 30546 ||| ZAPPING wand of acid (5) at 3,1 (crystal
                  | guardian; floor).
 30547 | Vaults:4 | 30547 ||| INVOKING Finesse.
 30640 | Vaults:4 | Noticed Zenata
 30649 | Vaults:4 | Killed Zenata
 30747 | Vaults:4 | Reached skill level 23 in Fighting
 30751 | Vaults:4 | 30751 ||| ZAPPING wand of acid (4) at 1,3 (orc knight;
                  | open_door).
 30752 | Vaults:4 | 30752 ||| INVOKING Finesse.
 30812 | Vaults:4 | 30812 ||| FLEEEEING.
 30813 | Vaults:4 | 30813 ||| FLEEEEING.
 30814 | Vaults:4 | 30814 ||| FLEEEEING.
 30815 | Vaults:4 | 30815 ||| FLEEEEING.
 30819 | Vaults:4 | 30819 ||| FLEEEEING.
 30820 | Vaults:4 | 30820 ||| FLEEEEING.
 30821 | Vaults:4 | 30821 ||| FLEEEEING.
 30822 | Vaults:4 | 30822 ||| FLEEEEING.
 30823 | Vaults:4 | 30823 ||| FLEEEEING.
 30827 | Vaults:4 | 30827 ||| FLEEEEING.
 30828 | Vaults:4 | 30828 ||| FLEEEEING.
 30829 | Vaults:4 | 30829 ||| FLEEEEING.
 30830 | Vaults:4 | 30830 ||| FLEEEEING.
 30831 | Vaults:4 | 30831 ||| FLEEEEING.
 30832 | Vaults:4 | 30832 ||| FLEEEEING.
 30833 | Vaults:4 | 30833 ||| FLEEEEING.
 30834 | Vaults:4 | 30834 ||| FLEEEEING.
 30835 | Vaults:4 | 30835 ||| FLEEEEING.
 30836 | Vaults:4 | 30836 ||| FLEEEEING.
 30837 | Vaults:4 | 30837 ||| FLEEEEING.
 30838 | Vaults:4 | 30838 ||| FLEEEEING.
 30839 | Vaults:4 | 30839 ||| FLEEEEING.
 30840 | Vaults:4 | 30840 ||| FLEEEEING.
 30841 | Vaults:4 | 30841 ||| FLEEEEING.
 30842 | Vaults:4 | 30842 ||| FLEEEEING.
 30843 | Vaults:4 | 30843 ||| FLEEEEING.
 30844 | Vaults:4 | 30844 ||| FLEEEEING.
 30845 | Vaults:4 | 30845 ||| FLEEEEING.
 30846 | Vaults:4 | 30846 ||| FLEEEEING.
 30847 | Vaults:4 | 30847 ||| FLEEEEING.
 30848 | Vaults:4 | 30848 ||| FLEEEEING.
 30849 | Vaults:4 | 30849 ||| FLEEEEING.
 30850 | Vaults:4 | 30850 ||| FLEEEEING.
 30851 | Vaults:4 | 30851 ||| FLEEEEING.
 30852 | Vaults:4 | 30852 ||| FLEEEEING.
 30853 | Vaults:4 | 30853 ||| FLEEEEING.
 30854 | Vaults:4 | 30854 ||| FLEEEEING.
 30855 | Vaults:4 | 30855 ||| FLEEEEING.
 30856 | Vaults:4 | 30856 ||| FLEEEEING.
 30857 | Vaults:4 | 30857 ||| FLEEEEING.
 30858 | Vaults:4 | 30858 ||| FLEEEEING.
 30864 | Vaults:4 | 30864 ||| RETREEEEATING.
 30875 | Vaults:4 | Received a gift from Okawaru
 30883 | Vaults:4 | 30883 ||| ZAPPING wand of acid (3) at -1,-4 (arcanist;
                  | floor).
 31219 | Vaults:4 | 31219 ||| PLANNING SHOALS:4
 31319 | Vaults:4 | 31319 ||| DROPPING +2 cloak.
 31320 | Vaults:4 | 31320 ||| DROPPING amulet of the acrobat.
 31321 | Vaults:4 | 31321 ||| READING 18 scrolls of identify.
 31321 | Vaults:4 | 31321 ||| IDENTIFYING scroll labelled GANWIA INAGA
 31322 | Vaults:4 | 31322 ||| DROPPING scroll of silence.
 31713 | Shoals:4 | Entered Level 4 of the Shoals
 31716 | Shoals:4 | Reached XP level 21. HP: 153/153 MP: 28/28
 31836 | Shoals:4 | Noticed Ilsuiw
 31843 | Shoals:4 | 31843 ||| INVOKING Finesse.
 31865 | Shoals:4 | Reached skill level 18 in Dodging
 31870 | Shoals:4 | Killed Ilsuiw
 31903 | Shoals:4 | Received a gift from Okawaru
 31987 | Shoals:4 | 31987 ||| RETREEEEATING.
 31988 | Shoals:4 | 31988 ||| RETREEEEATING.
 31989 | Shoals:4 | 31989 ||| RETREEEEATING.
 31990 | Shoals:4 | 31990 ||| RETREEEEATING.
 31991 | Shoals:4 | 31991 ||| RETREEEEATING.
 31993 | Shoals:4 | 31993 ||| RETREEEEATING.
 31995 | Shoals:4 | 31995 ||| INVOKING Finesse.
 32002 | Shoals:4 | 32002 ||| RETREEEEATING.
 32003 | Shoals:4 | 32003 ||| RETREEEEATING.
 32004 | Shoals:4 | 32004 ||| RETREEEEATING.
 32005 | Shoals:4 | 32005 ||| RETREEEEATING.
 32006 | Shoals:4 | 32006 ||| RETREEEEATING.
 32007 | Shoals:4 | 32007 ||| RETREEEEATING.
 32008 | Shoals:4 | 32008 ||| RETREEEEATING.
 32009 | Shoals:4 | 32009 ||| RETREEEEATING.
 32010 | Shoals:4 | 32010 ||| RETREEEEATING.
 32011 | Shoals:4 | 32011 ||| RETREEEEATING.
 32012 | Shoals:4 | 32012 ||| RETREEEEATING.
 32013 | Shoals:4 | 32013 ||| RETREEEEATING.
 32014 | Shoals:4 | 32014 ||| RETREEEEATING.
 32117 | Shoals:4 | 32117 ||| INVOKING Finesse.
 32192 | Shoals:4 | Got a barnacled rune of Zot
 32288 | Shoals:4 | 32288 ||| INVOKING Finesse.
 32506 | Shoals:4 | Reached skill level 24 in Fighting
 32681 | Shoals:4 | 32681 ||| PLANNING DEPTHS
 32681 | Shoals:4 | 32681 ||| DROPPING +2 cloak.
 32966 | Depths:1 | Entered Level 1 of the Depths
 32976 | Depths:1 | Received a gift from Okawaru
 32979 | Depths:1 | Found a one-way gateway to a ziggurat.
 32988 | Depths:1 | 32988 ||| INVOKING Finesse.
 32989 | Depths:1 | Noticed Mara
 32991 | Depths:1 | 32991 ||| INVOKING Heroism.
 32997 | Depths:1 | Noticed Asterion
 33008 | Depths:1 | Killed Mara
 33011 | Depths:1 | Killed Asterion
 33067 | Depths:1 | Found Xihastroo's Jewellery Shoppe.
 33069 | Depths:1 | Found Ugaebolu's Book Emporium.
 33069 | Depths:1 | Found Loar's Distillery.
 33074 | Depths:1 | 33074 ||| BUYING amulet of faith (600 gold).
 33074 | Depths:1 | Bought an amulet of faith for 600 gold pieces
 33074 | Depths:1 | Found Ebele's Magic Scroll Emporium.
 33080 | Depths:1 | 33080 ||| BUYING scroll of teleportation (72 gold).
 33080 | Depths:1 | Bought a scroll of teleportation for 72 gold pieces
 33083 | Depths:1 | 33083 ||| BUYING 2 potions of curing (96 gold).
 33083 | Depths:1 | Bought 2 potions of curing for 96 gold pieces
 33083 | Depths:1 | 33083 ||| BUYING potion of heal wounds (80 gold).
 33083 | Depths:1 | Bought a potion of heal wounds for 80 gold pieces
 33083 | Depths:1 | 33083 ||| BUYING potion of heal wounds (80 gold).
 33083 | Depths:1 | Bought a potion of heal wounds for 80 gold pieces
 33083 | Depths:1 | 33083 ||| BUYING potion of magic (128 gold).
 33083 | Depths:1 | Bought a potion of magic for 128 gold pieces
 33083 | Depths:1 | 33083 ||| BUYING potion of mutation (128 gold).
 33083 | Depths:1 | Bought a potion of mutation for 128 gold pieces
 33083 | Depths:1 | 33083 ||| BUYING potion of resistance (160 gold).
 33083 | Depths:1 | Bought a potion of resistance for 160 gold pieces
 33087 | Depths:1 | 33087 ||| INVOKING Finesse.
 33202 | Depths:1 | Found a gateway to Hell.
 33216 | Depths:1 | 33216 ||| RETREEEEATING.
 33217 | Depths:1 | 33217 ||| RETREEEEATING.
 33218 | Depths:1 | 33218 ||| RETREEEEATING.
 33219 | Depths:1 | 33219 ||| RETREEEEATING.
 33220 | Depths:1 | 33220 ||| RETREEEEATING.
 33221 | Depths:1 | 33221 ||| RETREEEEATING.
 33222 | Depths:1 | 33222 ||| RETREEEEATING.
 33223 | Depths:1 | 33223 ||| RETREEEEATING.
 33225 | Depths:1 | 33225 ||| RETREEEEATING.
 33226 | Depths:1 | 33226 ||| RETREEEEATING.
 33239 | Depths:1 | 33239 ||| FLEEEEING.
 33317 | Depths:1 | Identified the +1 leather armour "Xihoahao" {Harm Stlth+}
 33462 | Depths:1 | 33462 ||| DROPPING +1 leather armour "Xihoahao" {Harm
                  | Stlth+}.
 33463 | Depths:1 | 33463 ||| UPGRADING to amulet of faith.
 33473 | Depths:1 | 33473 ||| DROPPING amulet of regeneration.
 33550 | Depths:2 | 33550 ||| INVOKING Finesse.
 33709 | Depths:2 | Identified the ring of Intercession {Ice Fly Will+ Dex-2}
 33709 | Depths:2 | Noticed Josephina
 33710 | Depths:2 | 33710 ||| INVOKING Finesse.
 33715 | Depths:2 | Reached XP level 22. HP: 161/161 MP: 23/29
 33717 | Depths:2 | Killed Josephina
 33743 | Depths:2 | Reached skill level 15 in Armour
 33744 | Depths:2 | Received a gift from Okawaru
 33820 | Depths:2 | 33820 ||| INVOKING Finesse.
 33835 | Depths:2 | 33835 ||| INVOKING Finesse.
 33887 | Depths:2 | Found a one-way gate leading to the halls of Pandemonium.
 34150 | Depths:2 | 34150 ||| RETREEEEATING.
 34154 | Depths:2 | 34154 ||| RETREEEEATING.
 34155 | Depths:2 | 34155 ||| RETREEEEATING.
 34156 | Depths:2 | 34156 ||| RETREEEEATING.
 34182 | Depths:2 | 34182 ||| INVOKING Finesse.
 34184 | Depths:2 | 34184 ||| INVOKING Heroism.
 34236 | Depths:2 | 34236 ||| INVOKING Finesse.
 34310 | Depths:2 | 34310 ||| FLEEEEING.
 34422 | Depths:2 | 34422 ||| INVOKING Finesse.
 34504 | Depths:2 | 34504 ||| INVOKING Finesse.
 34510 | Depths:2 | Reached skill level 25 in Fighting
 34662 | Depths:2 | Identified the +5 glaive of Neostiv {antimagic, rElec Will+
                  | Int+2 Stlth+}
 34785 | Depths:2 | 34785 ||| RETREEEEATING.
 34787 | Depths:2 | 34787 ||| INVOKING Finesse.
 34843 | Depths:2 | Identified the +6 shortbow of Ximex {drain, +Blink Str-2
                  | Int+4 SInv}
 34869 | Depths:2 | Found a white marble altar of Elyvilon.
 35140 | Depths:2 | Identified the ring of Linash {Fire rCorr MP+9 Str+2 Int+3}
 35290 | Depths:2 | 35290 ||| DROPPING +1 troll leather armour.
 35291 | Depths:2 | 35291 ||| DROPPING +4 ring of protection.
 35292 | Depths:2 | 35292 ||| READING 24 scrolls of identify.
 35292 | Depths:2 | 35292 ||| IDENTIFYING sedimented clear potion
 35293 | Depths:2 | 35293 ||| DROPPING potion of berserk rage.
 35320 | Depths:3 | 35320 ||| STAIRDANCE
 35324 | Depths:2 | 35324 ||| FLEEEEING.
 35383 | Depths:3 | 35383 ||| STAIRDANCE
 35400 | Depths:3 | 35400 ||| RETREEEEATING.
 35400 | Depths:3 | Found Fipseus's Armour Emporium.
 35401 | Depths:3 | 35401 ||| RETREEEEATING.
 35402 | Depths:3 | 35402 ||| RETREEEEATING.
 35403 | Depths:3 | 35403 ||| RETREEEEATING.
 35404 | Depths:3 | 35404 ||| RETREEEEATING.
 35407 | Depths:3 | 35407 ||| RETREEEEATING.
 35408 | Depths:3 | 35408 ||| RETREEEEATING.
 35409 | Depths:3 | 35409 ||| RETREEEEATING.
 35410 | Depths:3 | 35410 ||| RETREEEEATING.
 35411 | Depths:3 | 35411 ||| RETREEEEATING.
 35412 | Depths:3 | 35412 ||| RETREEEEATING.
 35413 | Depths:3 | 35413 ||| RETREEEEATING.
 35414 | Depths:3 | 35414 ||| RETREEEEATING.
 35415 | Depths:3 | 35415 ||| RETREEEEATING.
 35416 | Depths:3 | 35416 ||| RETREEEEATING.
 35417 | Depths:3 | 35417 ||| RETREEEEATING.
 35418 | Depths:3 | 35418 ||| RETREEEEATING.
 35419 | Depths:3 | 35419 ||| RETREEEEATING.
 35420 | Depths:3 | 35420 ||| RETREEEEATING.
 35421 | Depths:3 | 35421 ||| RETREEEEATING.
 35422 | Depths:3 | 35422 ||| INVOKING Finesse.
 35423 | Depths:3 | 35423 ||| INVOKING Heroism.
 35424 | Depths:3 | 35424 ||| RETREEEEATING.
 35425 | Depths:3 | 35425 ||| RETREEEEATING.
 35426 | Depths:3 | 35426 ||| RETREEEEATING.
 35427 | Depths:3 | 35427 ||| RETREEEEATING.
 35428 | Depths:3 | 35428 ||| RETREEEEATING.
 35429 | Depths:3 | 35429 ||| RETREEEEATING.
 35432 | Depths:3 | 35432 ||| RETREEEEATING.
 35433 | Depths:3 | 35433 ||| RETREEEEATING.
 35434 | Depths:3 | 35434 ||| RETREEEEATING.
 35435 | Depths:3 | 35435 ||| RETREEEEATING.
 35435 | Depths:3 | HP: 28/164 [deep troll earth mage/Lee's Rapid
                  | Deconstruction (22)]
 35436 | Depths:3 | 35436 ||| READING 16 scrolls of teleportation.
 35437 | Depths:3 | 35437 ||| DRINKING 9 potions of heal wounds.
 35438 | Depths:3 | 35438 ||| DRINKING 8 potions of heal wounds.
 35440 | Depths:3 | 35440 ||| READING 15 scrolls of teleportation.
 35441 | Depths:3 | 35441 ||| DRINKING 7 potions of heal wounds.
 35443 | Depths:3 | HP: 37/164 [??? (9)]
 35444 | Depths:3 | 35444 ||| DRINKING 6 potions of heal wounds.
 35447 | Depths:3 | 35447 ||| READING 14 scrolls of teleportation.
 35448 | Depths:3 | 35448 ||| DRINKING 5 potions of heal wounds.
 35450 | Depths:3 | Found Hequtt's Magic Scroll Emporium.
 35460 | Depths:3 | 35460 ||| FLEEEEING.
 35477 | Depths:3 | 35477 ||| RETREEEEATING.
 35478 | Depths:3 | 35478 ||| RETREEEEATING.
 35479 | Depths:3 | 35479 ||| RETREEEEATING.
 35502 | Depths:3 | 35502 ||| FLEEEEING.
 35505 | Depths:3 | 35505 ||| INVOKING Finesse.
 35533 | Depths:3 | 35533 ||| FLEEEEING.
 35810 | Depths:3 | 35810 ||| INVOKING Finesse.
 35812 | Depths:3 | Received a gift from Okawaru
 35882 | Depths:3 | Found a one-way gate to the infinite horrors of the Abyss.
 35893 | Depths:3 | Reached XP level 23. HP: 170/170 MP: 30/30
 36035 | Depths:3 | Found a broken altar of Ashenzari.
 36075 | Depths:3 | 36075 ||| INVOKING Finesse.
 36192 | Depths:3 | Found an ancient bone altar of Kikubaaqudgha.
 36282 | Depths:3 | 36282 ||| INVOKING Finesse.
 36323 | Depths:3 | Received a gift from Okawaru
 36435 | Depths:3 | 36435 ||| FLEEEEING.
 36537 | Depths:3 | Identified the staff of Prudence {rElec Str+3 Air}
 36758 | Depths:3 | 36758 ||| INVOKING Finesse.
 36780 | Depths:3 | Reached skill level 26 in Fighting
 36814 | Depths:3 | Received a gift from Okawaru
 36818 | Depths:3 | Gained mutation: You are dopey. (Int -2) [a shining eye]
 36972 | Depths:3 | 36972 ||| DROPPING ring of fire.
 36973 | Depths:3 | 36973 ||| READING 25 scrolls of identify.
 36973 | Depths:3 | 36973 ||| IDENTIFYING fuming grey potion
 36974 | Depths:3 | 36974 ||| DRINKING potion of experience.
 36974 | Depths:3 | Reached XP level 24. HP: 178/178 MP: 30/30
 36998 | Depths:4 | Entered Level 4 of the Depths
 37000 | Depths:4 | 37000 ||| STAIRDANCE
 37006 | Depths:4 | 37006 ||| STAIRDANCE
 37251 | Depths:4 | Reached skill level 21 in Dodging
 37381 | Depths:4 | 37381 ||| RETREEEEATING.
 37382 | Depths:4 | 37382 ||| RETREEEEATING.
 37383 | Depths:4 | 37383 ||| RETREEEEATING.
 37384 | Depths:4 | 37384 ||| INVOKING Finesse.
 37635 | Depths:4 | 37635 ||| RETREEEEATING.
 37637 | Depths:4 | Received a gift from Okawaru
 37641 | Depths:4 | 37641 ||| RETREEEEATING.
 37642 | Depths:4 | 37642 ||| RETREEEEATING.
 37643 | Depths:4 | 37643 ||| RETREEEEATING.
 37644 | Depths:4 | 37644 ||| RETREEEEATING.
 37645 | Depths:4 | 37645 ||| RETREEEEATING.
 37646 | Depths:4 | 37646 ||| RETREEEEATING.
 37688 | Depths:4 | Noticed a juggernaut
 37689 | Depths:4 | 37689 ||| INVOKING Finesse.
 37694 | Depths:4 | Killed a juggernaut
 37885 | Depths:4 | 37885 ||| RETREEEEATING.
 37891 | Depths:4 | 37891 ||| RETREEEEATING.
 37892 | Depths:4 | 37892 ||| RETREEEEATING.
 37893 | Depths:4 | 37893 ||| RETREEEEATING.
 37894 | Depths:4 | 37894 ||| RETREEEEATING.
 37895 | Depths:4 | 37895 ||| RETREEEEATING.
 37896 | Depths:4 | 37896 ||| RETREEEEATING.
 37942 | Depths:4 | Received a gift from Okawaru
 37982 | Depths:4 | 37982 ||| FLEEEEING.
 38078 | Depths:4 | Found a gate to the Realm of Zot.
 38155 | Depths:4 | Found Yveusaj's Magic Scroll Emporium.
 38158 | Depths:4 | 38158 ||| BUYING scroll of enchant armour (135 gold).
 38158 | Depths:4 | Bought a scroll of enchant armour for 135 gold pieces
 38158 | Depths:4 | 38158 ||| BUYING scroll of teleportation (54 gold).
 38158 | Depths:4 | Bought a scroll of teleportation for 54 gold pieces
 38431 | Depths:4 | 38431 ||| PLANNING VAULTS:5
 38800 | Vaults:5 | Entered Level 5 of the Vaults
 38801 | Vaults:5 | 38801 ||| INVOKING Finesse.
 38802 | Vaults:5 | 38802 ||| STAIRDANCE
 38829 | Vaults:5 | 38829 ||| INVOKING Heroism.
 38836 | Vaults:5 | Reached XP level 25. HP: 175/185 MP: 29/30
 38845 | Vaults:5 | 38845 ||| STAIRDANCE
 38847 | Vaults:4 | 38847 ||| RETREEEEATING.
 38848 | Vaults:4 | 38848 ||| RETREEEEATING.
 38915 | Vaults:5 | 38915 ||| STAIRDANCE
 38917 | Vaults:4 | 38917 ||| RETREEEEATING.
 38918 | Vaults:4 | 38918 ||| RETREEEEATING.
 38965 | Vaults:5 | 38965 ||| STAIRDANCE
 38967 | Vaults:4 | 38967 ||| RETREEEEATING.
 38968 | Vaults:4 | 38968 ||| RETREEEEATING.
 38977 | Vaults:4 | 38977 ||| FLEEEEING.
 39055 | Vaults:5 | 39055 ||| STAIRDANCE
 39057 | Vaults:4 | 39057 ||| RETREEEEATING.
 39058 | Vaults:4 | 39058 ||| RETREEEEATING.
 39106 | Vaults:5 | 39106 ||| STAIRDANCE
 39114 | Vaults:4 | 39114 ||| FLEEEEING.
 39200 | Vaults:5 | Noticed an ancient lich
 39201 | Vaults:5 | 39201 ||| INVOKING Finesse.
 39202 | Vaults:5 | 39202 ||| INVOKING Heroism.
 39205 | Vaults:5 | 39205 ||| DRINKING 9 potions of haste.
 39205 | Vaults:5 | Identified the staff of Destiny {^Fragile rF+ Dex+6 Fire
                  | Air}
 39213 | Vaults:5 | Reached skill level 27 in Fighting
 39213 | Vaults:5 | Killed an ancient lich
 39215 | Vaults:5 | 39215 ||| STAIRDANCE
 39218 | Vaults:4 | Received a gift from Okawaru
 39224 | Vaults:4 | 39224 ||| FLEEEEING.
 39237 | Vaults:4 | 39237 ||| FLEEEEING.
 39456 | Vaults:5 | Identified the orb of Makhleb's Approval {light, Str+6}
 39456 | Vaults:5 | Noticed Frederick
 39457 | Vaults:5 | 39457 ||| STAIRDANCE
 39459 | Vaults:4 | 39459 ||| FLEEEEING.
 39581 | Vaults:5 | 39581 ||| STAIRDANCE
 39626 | Vaults:5 | 39626 ||| STAIRDANCE
 39631 | Vaults:5 | 39631 ||| STAIRDANCE
 39673 | Vaults:5 | 39673 ||| STAIRDANCE
 39681 | Vaults:4 | 39681 ||| FLEEEEING.
 39724 | Vaults:5 | Noticed an ancient lich
 39725 | Vaults:5 | 39725 ||| STAIRDANCE
 39732 | Vaults:5 | 39732 ||| STAIRDANCE
 39734 | Vaults:4 | 39734 ||| RETREEEEATING.
 39735 | Vaults:4 | 39735 ||| RETREEEEATING.
 39751 | Vaults:5 | 39751 ||| STAIRDANCE
 39751 | Vaults:5 | Noticed Margery
 39753 | Vaults:4 | 39753 ||| RETREEEEATING.
 39754 | Vaults:4 | 39754 ||| RETREEEEATING.
 39755 | Vaults:4 | 39755 ||| RETREEEEATING.
 39756 | Vaults:4 | 39756 ||| RETREEEEATING.
 39757 | Vaults:4 | 39757 ||| RETREEEEATING.
 39758 | Vaults:4 | 39758 ||| RETREEEEATING.
 39759 | Vaults:4 | 39759 ||| INVOKING Finesse.
 39854 | Vaults:5 | 39854 ||| STAIRDANCE
 39890 | Vaults:5 | 39890 ||| RETREEEEATING.
 39891 | Vaults:5 | 39891 ||| RETREEEEATING.
 39892 | Vaults:5 | 39892 ||| RETREEEEATING.
 39893 | Vaults:5 | 39893 ||| RETREEEEATING.
 39894 | Vaults:5 | 39894 ||| DRINKING potion of resistance.
 39895 | Vaults:5 | 39895 ||| INVOKING Finesse.
 39896 | Vaults:5 | 39896 ||| INVOKING Heroism.
 39902 | Vaults:5 | 39902 ||| RETREEEEATING.
 39903 | Vaults:5 | Killed Margery
 39907 | Vaults:5 | Killed an ancient lich
 39924 | Vaults:5 | Killed Frederick
 39924 | Vaults:5 | Received a gift from Okawaru
 39947 | Vaults:5 | HP: 44/187 [titan/bolt of lightning (9)]
 39948 | Vaults:5 | 39948 ||| READING 18 scrolls of teleportation.
 39949 | Vaults:5 | 39949 ||| DRINKING 5 potions of heal wounds.
 39967 | Vaults:5 | 39967 ||| FLEEEEING.
 39981 | Vaults:5 | Received a gift from Okawaru
 39985 | Vaults:5 | 39985 ||| FLEEEEING.
 39988 | Vaults:5 | 39988 ||| STAIRDANCE
 40214 | Vaults:5 | 40214 ||| STAIRDANCE
 40293 | Vaults:5 | Identified the +1 robe of Indomitability {Fly rF- Dex+2}
 40298 | Vaults:5 | Identified the staff of the Land of Plenty {^Contam Str+2
                  | Conj Air}
 40312 | Vaults:5 | Identified the staff "Wellevuss" {rC+ Int+2 Stlth+ Ice}
 40313 | Vaults:5 | Identified the staff of the Inferno {rN+ Dex+3 Necro}
 40383 | Vaults:5 | Identified the +9 longbow of the Painted God {flame, Will+
                  | Str+3 Dex+3}
 40383 | Vaults:5 | Identified the ring of Paonouxomysk {rC++ AC+4}
 40734 | Vaults:5 | Got a silver rune of Zot
 40878 | Vaults:5 | Reached XP level 26. HP: 175/193 MP: 31/31
 41134 | Vaults:5 | 41134 ||| FLEEEEING.
 41135 | Vaults:5 | 41135 ||| FLEEEEING.
 41244 | Vaults:5 | 41244 ||| PLANNING SHOPPING SPREE
 41244 | Vaults:5 | 41244 ||| DROPPING +1 robe of Indomitability {Fly rF-
                  | Dex+2}.
 41245 | Vaults:5 | 41245 ||| DROPPING +1 pair of boots.
 41246 | Vaults:5 | 41246 ||| DROPPING amulet of magic regeneration.
 41247 | Vaults:5 | 41247 ||| DROPPING +6 ring of strength.
 41248 | Vaults:5 | 41248 ||| DROPPING ring of magical power.
 41249 | Vaults:5 | 41249 ||| UPGRADING to ring of Paonouxomysk {rC++ AC+4}.
 41634 | D:5      | 41634 ||| BUYING 2 potions of mutation (208 gold).
 41634 | D:5      | Bought 2 potions of mutation for 208 gold pieces
 41634 | D:5      | 41634 ||| BUYING potion of enlightenment (65 gold).
 41634 | D:5      | Bought a potion of enlightenment for 65 gold pieces
 41634 | D:5      | 41634 ||| BUYING potion of mutation (104 gold).
 41634 | D:5      | Bought a potion of mutation for 104 gold pieces
 41669 | D:5      | 41669 ||| BUYING runed leather armour (140 gold).
 41669 | D:5      | Bought a runed leather armour for 140 gold pieces
 41669 | D:5      | 41669 ||| BUYING twisted cloak (266 gold).
 41669 | D:5      | Bought a twisted cloak for 266 gold pieces
 41669 | D:5      | Identified the +1 cloak of Spaghetti {rC+} (You bought it
                  | in a shop on level 5 of the Dungeon)
 41669 | D:5      | 41669 ||| DROPPING +2 leather armour of cold resistance.
 41728 | D:5      | 41728 ||| BUYING amulet "Zemmucyi" {Reflect rCorr Int+2
                  | SH+5} (468 gold).
 41728 | D:5      | Bought the amulet "Zemmucyi" {Reflect rCorr Int+2 SH+5} for
                  | 468 gold pieces
 41728 | D:5      | 41728 ||| DROPPING amulet of reflection.
 41729 | D:5      | 41729 ||| PLANNING ZOT:1-4
 42061 | Zot:1    | Entered Level 1 of the Realm of Zot
 42062 | Zot:1    | 42062 ||| STAIRDANCE
 42068 | Depths:4 | 42068 ||| INVOKING Finesse.
 42070 | Depths:4 | Reached skill level 18 in Armour
 42088 | Zot:1    | 42088 ||| STAIRDANCE
 42090 | Depths:4 | 42090 ||| INVOKING Heroism.
 42150 | Zot:1    | 42150 ||| STAIRDANCE
 42154 | Depths:4 | Received a gift from Okawaru
 42232 | Zot:1    | 42232 ||| INVOKING Finesse.
 42241 | Zot:1    | 42241 ||| STAIRDANCE
 42248 | Depths:4 | 42248 ||| FLEEEEING.
 42260 | Depths:4 | 42260 ||| FLEEEEING.
 42392 | Zot:1    | 42392 ||| STAIRDANCE
 42394 | Depths:4 | 42394 ||| INVOKING Finesse.
 42395 | Depths:4 | 42395 ||| INVOKING Heroism.
 42481 | Zot:1    | 42481 ||| READING 2 scrolls of enchant armour.
 42481 | Zot:1    | 42481 ||| ENCHANTING +3 ring mail of fire resistance.
 42482 | Zot:1    | 42482 ||| READING scroll of enchant armour.
 42482 | Zot:1    | 42482 ||| ENCHANTING +4 ring mail of fire resistance.
 42630 | Zot:1    | 42630 ||| INVOKING Finesse.
 42909 | Zot:1    | Found a blossoming altar of Fedhas.
 42948 | Zot:2    | 42948 ||| STAIRDANCE
 42951 | Zot:1    | Received a gift from Okawaru
 42985 | Zot:2    | You are sucked into a shaft and drop 1 floor!
 43005 | Zot:3    | 43005 ||| RETREEEEATING.
 43008 | Zot:3    | 43008 ||| RETREEEEATING.
 43009 | Zot:3    | 43009 ||| INVOKING Finesse.
 43531 | Zot:3    | 43531 ||| RETREEEEATING.
 43533 | Zot:3    | 43533 ||| FLEEEEING.
 43555 | Zot:3    | 43555 ||| FLEEEEING.
 43632 | Zot:2    | Received a gift from Okawaru
 43709 | Zot:2    | 43709 ||| FLEEEEING.
 43710 | Zot:2    | 43710 ||| FLEEEEING.
 43711 | Zot:2    | 43711 ||| FLEEEEING.
 43712 | Zot:2    | 43712 ||| FLEEEEING.
 43713 | Zot:2    | 43713 ||| FLEEEEING.
 43714 | Zot:2    | 43714 ||| FLEEEEING.
 43717 | Zot:2    | 43717 ||| STAIRDANCE
 43728 | Zot:1    | Gained mutation: You occasionally shout uncontrollably at
                  | your foes. [mutagenic glow]
 43777 | Zot:2    | 43777 ||| STAIRDANCE
 43782 | Zot:2    | 43782 ||| STAIRDANCE
 43789 | Zot:1    | 43789 ||| FLEEEEING.
 43857 | Zot:2    | 43857 ||| READING scroll of acquirement.
 43857 | Zot:2    | 43857 ||| ACQUIRING 944 gold pieces
 43857 | Zot:2    | Acquired 944 gold pieces
 44757 | Zot:3    | 44757 ||| INVOKING Finesse.
 44758 | Zot:3    | 44758 ||| INVOKING Heroism.
 44761 | Zot:3    | Reached skill level 21 in Ranged Weapons
 45212 | Zot:4    | 45212 ||| FLEEEEING.
 45213 | Zot:4    | 45213 ||| FLEEEEING.
 45215 | Zot:4    | 45215 ||| RETREEEEATING.
 45218 | Zot:4    | 45218 ||| RETREEEEATING.
 45219 | Zot:4    | 45219 ||| RETREEEEATING.
 45220 | Zot:4    | 45220 ||| RETREEEEATING.
 45221 | Zot:4    | 45221 ||| RETREEEEATING.
 45222 | Zot:4    | 45222 ||| RETREEEEATING.
 45223 | Zot:4    | 45223 ||| RETREEEEATING.
 45224 | Zot:4    | 45224 ||| RETREEEEATING.
 45225 | Zot:4    | 45225 ||| RETREEEEATING.
 45226 | Zot:4    | 45226 ||| RETREEEEATING.
 45227 | Zot:4    | 45227 ||| RETREEEEATING.
 45228 | Zot:4    | 45228 ||| RETREEEEATING.
 45229 | Zot:4    | 45229 ||| RETREEEEATING.
 45230 | Zot:4    | 45230 ||| RETREEEEATING.
 45231 | Zot:4    | 45231 ||| RETREEEEATING.
 45232 | Zot:4    | 45232 ||| RETREEEEATING.
 45233 | Zot:4    | 45233 ||| RETREEEEATING.
 45234 | Zot:4    | 45234 ||| RETREEEEATING.
 45237 | Zot:4    | 45237 ||| INVOKING Finesse.
 45238 | Zot:4    | 45238 ||| ZAPPING wand of acid (20) at -2,1 (golden dragon;
                  | floor).
 45239 | Zot:4    | 45239 ||| ZAPPING wand of acid (19) at -2,1 (golden dragon;
                  | floor).
 45240 | Zot:4    | 45240 ||| ZAPPING wand of acid (18) at -2,1 (golden dragon;
                  | floor).
 45241 | Zot:4    | 45241 ||| INVOKING Heroism.
 45270 | Zot:4    | 45270 ||| FLEEEEING.
 45879 | Zot:4    | 45879 ||| FLEEEEING.
 45880 | Zot:4    | 45880 ||| FLEEEEING.
 45881 | Zot:4    | 45881 ||| FLEEEEING.
 45882 | Zot:4    | 45882 ||| FLEEEEING.
 45883 | Zot:4    | 45883 ||| FLEEEEING.
 45884 | Zot:4    | 45884 ||| FLEEEEING.
 45885 | Zot:4    | 45885 ||| FLEEEEING.
 45886 | Zot:4    | 45886 ||| FLEEEEING.
 45887 | Zot:4    | 45887 ||| FLEEEEING.
 45946 | Zot:4    | Received a gift from Okawaru
 46038 | Zot:4    | Identified the +2 scimitar of Inference {drain, rF++ Str-2
                  | Dex+2}
 46055 | Zot:4    | Reached XP level 27. HP: 188/199 MP: 31/31
 46264 | Zot:4    | 46264 ||| PLANNING ORB
 46276 | Zot:5    | Entered Level 5 of the Realm of Zot
 46302 | Zot:5    | 46302 ||| RETREEEEATING.
 46305 | Zot:5    | 46305 ||| RETREEEEATING.
 46306 | Zot:5    | 46306 ||| RETREEEEATING.
 46307 | Zot:5    | 46307 ||| RETREEEEATING.
 46308 | Zot:5    | 46308 ||| RETREEEEATING.
 46309 | Zot:5    | 46309 ||| RETREEEEATING.
 46310 | Zot:5    | 46310 ||| RETREEEEATING.
 46311 | Zot:5    | 46311 ||| RETREEEEATING.
 46312 | Zot:5    | 46312 ||| RETREEEEATING.
 46313 | Zot:5    | 46313 ||| RETREEEEATING.
 46314 | Zot:5    | 46314 ||| RETREEEEATING.
 46315 | Zot:5    | 46315 ||| RETREEEEATING.
 46317 | Zot:5    | 46317 ||| INVOKING Finesse.
 46542 | Zot:5    | 46542 ||| FLEEEEING.
 46684 | Zot:5    | Noticed an ancient lich
 46685 | Zot:5    | 46685 ||| INVOKING Finesse.
 46694 | Zot:5    | Killed an ancient lich
 46694 | Zot:5    | Noticed a dread lich
 46717 | Zot:5    | Received a gift from Okawaru
 46718 | Zot:5    | Paralysed by something for 3 turns
 46722 | Zot:5    | 46722 ||| RETREEEEATING.
 46722 | Zot:5    | Killed a dread lich
 46723 | Zot:5    | 46723 ||| RETREEEEATING.
 46724 | Zot:5    | 46724 ||| RETREEEEATING.
 46725 | Zot:5    | 46725 ||| RETREEEEATING.
 46725 | Zot:5    | Noticed an orb of fire
 46725 | Zot:5    | HP: 49/199 [death cob (5)]
 46726 | Zot:5    | 46726 ||| READING 21 scrolls of teleportation.
 46727 | Zot:5    | 46727 ||| DRINKING 7 potions of heal wounds.
 46727 | Zot:5    | Noticed a dread lich
 46729 | Zot:5    | HP: 17/199 [death cob (9)]
 46730 | Zot:5    | 46730 ||| DRINKING 6 potions of heal wounds.
 46731 | Zot:5    | 46731 ||| DRINKING 5 potions of heal wounds.
 46731 | Zot:5    | Noticed a dread lich
 46732 | Zot:5    | 46732 ||| DRINKING 4 potions of heal wounds.
 46733 | Zot:5    | 46733 ||| DRINKING 3 potions of heal wounds.
 46733 | Zot:5    | Gained mutation: You are weak. (Str -2) [an orb of fire]
 46734 | Zot:5    | 46734 ||| DRINKING 2 potions of heal wounds.
 46734 | Zot:5    | Paralysed by something for 3 turns
 46734 | Zot:5    | Gained mutation: Your health recovers twice as slowly from
                  | being drained. [an orb of fire]
 46734 | Zot:5    | HP: 37/199 [green draconian monk[a green draconian monk]
                  | (20)]
 46735 | Zot:5    | HP: 11/199 [death cob (15)]
 46735 | Zot:5    | HP: 2/199 [green draconian monk (9)]
 46735 | Zot:5    | Mangled by a green draconian monk

Levels and vault maps discovered:
D:1:      lemuel_arrival_muddy, layout_basic
D:2:      layout_loops_corners, ebering_ecumenical_altar_box
D:3:      layout_rooms, minmay_box_of_dots, uniq_crazy_yiuf_cottage,
          uniq_terence, uniq_robin
D:4:      layout_rooms, chequers_temple_overflow_statue_of_worship, uniq_sigmund
D:5:      layout_loops_ring, portal_sewer_entry_a, serial_shops,
          nicolae_shop_bloodbath_and_beyond, shop, nicolae_shop_tiny_glass,
          nicolae_diamond_shop, shop, corexii_checkpoint
D:6:      layout_cave_pods, regret_index_temple_of_mockery, minmay_ogre_servants
D:7:      layout_rooms, minmay_temple_entry_statues, lightli_orcish_oven
D:8:      layout_gridville, serial_bayou_lagoon_a, uniq_amaemon
D:9:      layout_irregular_city, orc_david_3, fungi_pond_lemuel
D:10:     layout_loops_ring, dpeg_oklobed_lair, minivault_15,
          nicolae_letterblocks [nicolae_letter_subblock,
          nicolae_letter_subblock, nicolae_letter_subblock,
          nicolae_letter_subblock, nicolae_letter_subblock,
          nicolae_letter_subblock, nicolae_letter_subblock,
          nicolae_letter_subblock, nicolae_letter_subblock,
          nicolae_letter_subblock, nicolae_letter_subblock,
          nicolae_letter_subblock, nicolae_letter_subblock,
          nicolae_letter_subblock, nicolae_letter_subblock,
          nicolae_letter_subblock, nicolae_letter_subblock,
          nicolae_letter_subblock, nicolae_letter_subblock,
          nicolae_letter_subblock, nicolae_letter_subblock,
          nicolae_letter_subblock, nicolae_letter_subblock,
          nicolae_letter_subblock, nicolae_letter_subblock]
D:11:     layout_loops_ring
D:12:     layout_roguey, serial_shops, nicolae_shop_tiny_statue_garden,
          nicolae_two_hexagons, kennysheep_generic_room_5
D:13:     layout_roguey, drop_trap
D:14:     layout_basic, david_vaults_4, serial_park_tiny_2
D:15:     grunt_enter_depths_snipers, layout_cave_pods, cheibriados_altar_1,
          serial_shops, nicolae_shop_waterfront, dreamdust_princess_corridor
Temple:   dpeg_three_leaves_temple
Lair:1:   layout_cave_pods, pdpol_lair_neglected_garden,
          nicolae_lair_liquid_snakes, grunt_megastairs_4, uniq_harold
Lair:2:   layout_misc_corridors, alex1729_snake_entry_snake, basic_altar
Lair:3:   layout_small_grid, elwin_shoals_entry_rocks, dreamdust_wasp_nest
Lair:4:   layout_cave_pods, chequers_serial_rivers_room_b,
          hangedman_lair_generics_rect, infiniplex_staircase_pool_2
Lair:5:   minmay_lair_end_frog_pond, layout_misc_corridors, slime_entry_2
Shoals:1: layout_shoals, ebering_ghost_davey_jones
Shoals:2: layout_shoals, serial_shops, shop, hangedman_shoals_cup_caves
Shoals:3: layout_shoals, serial_shops, nicolae_shop_behind_doors, uniq_mlioglotl
Shoals:4: shoals_end_simple, layout_shoals, shoals_ilsuiw_ice
Snake:1:  layout_chambers, st_stairs_9, uniq_roxanne
Snake:2:  layout_grid_shapes, serial_shops, shop, serial_bayou_ford_a,
          nicolae_snake_snakewalk
Snake:3:  layout_gridlike, serial_bayou_shore_b, uniq_vashnia
Snake:4:  grunt_snake_rune_pools, layout_cave_town, basic_altar, uniq_aizul,
          uniq_bai_suzhen
Orc:1:    layout_diamond_mine
Orc:2:    grunt_orc_gardens, layout_caves, grunt_orc_garden, grunt_orc_garden,
          grunt_orc_garden, grunt_orc_garden, basic_altar,
          nicolae_orc_stalacmites, nicolae_orc_hostile_takeover
Vaults:1: portal_desolation_entry_nicolae_slug, v_misc_12, vaults_room_fours,
          nicolae_vaults_more_shelving_2, nicolae_vaults_what_the_h,
          nicolae_vaults_statue_guard, dpeg_vaults_monster_box,
          vaults_room_pools, layout_vaults_quadrants, uniq_donald
Vaults:2: grunt_vaults_focal, vaults_room_mumra_shop_pool,
          vaults_dpeg_emergency_exit, nicolae_vaults_network_star,
          minmay_crypt_entry_simple_sparse, nicolae_vaults_border_crossing,
          nicolae_vaults_six-pack, vaults_room_fancy_cross,
          nicolae_vaults_little_guard_posts, layout_vaults_chaotic_city
Vaults:3: vaults_dpeg_diagonal, nicolae_vaults_network_barrier, v_misc_13,
          grunt_vaults_trifunnel, nicolae_vaults_lightning_bolt,
          nicolae_vaults_network_square, ontoclasm_vaults_twist,
          ontoclasm_vaults_fault, nicolae_vaults_doubleplus_tesselated,
          vaults_dpeg_spiral, nicolae_vaults_tetromino_L_2, layout_vaults_maze,
          uniq_boris, uniq_xtahua
Vaults:4: hangedman_vaults_stagger, vaults_mumra_minichess,
          nicolae_vaults_big_ls, nicolae_vaults_frosty_reception, v_rooms_1,
          hangedman_vaults_snaps, nicolae_vaults_house_2,
          nicolae_vaults_diagonal_hallway_6, nicolae_vaults_shelves_hall,
          nicolae_vaults_tetromino_L_2, grunt_vaults_hallway_long,
          nicolae_vaults_trapezoid_lopsided_1, layout_vaults_omnicross,
          serial_shops, shop_statue, uniq_norris, uniq_zenata
Vaults:5: uniq_frederick, uniq_margery
Depths:1: layout_cross, enter_ziggurat_e, pf_hell_entry_tar_river,
          serial_bayou_pond_e, serial_sigils_hangedman_etch, minmay_librarian,
          minmay_shoptagon, uniq_mara, uniq_asterion
Depths:2: minmay_spiral_squares, layout_cave_shapes, pan_entry,
          minmay_misc_feat_iff, hell_entry, elyvilon_altar_5, uniq_josephina
Depths:3: evilmike_negative_zone, layout_basic, cheibrodos_ashenzari_chains,
          serial_shops, shop, nicolae_diamond_shop, abyss_entry, hell_entry,
          special_room [special_room_jelly],
          serial_library_regret_index_small_wings
Depths:4: evilmike_zot_entry_round, layout_honeycomb, abandoned_shop,
          serial_shops, nicolae_shop_rolled_up, grunt_pan_entry_sceptre,
          hell_entry
Zot:1:    layout_onion, regret_index_zotdec_decaying_basic
Zot:2:    layout_onion
Zot:3:    layout_concentric_octagons, regret_index_zotdec_ex
Zot:4:    layout_gridville, hangedman_snake_sidewinding
Zot:5:    layout_onion, hangedman_zot_decor_slant

Skill      XL: |  1  2  3  4  5  6  7  8  9 10 11 12 13 14 15 16 17 18 19 20 21 22 23 24 25 26 27 |
---------------+----------------------------------------------------------------------------------+-----
Ranged Weapons | 5 6 7 8 10 11 13 14 15 17 18 19 21 | 21.0
Fighting       | 3 4 6 8 10 11 13 16 18 19 21 22 23 24 25 26 27 | 27.0
Armour         | 1 2 3 4 5 6 7 11 13 14 16 17 19 20 | 20.1
Dodging        | 3 4 5 6 7 9 10 11 12 14 15 17 19 20 21 22 23 | 23.0
Invocations    | 4 6 10 11 | 11.6
Stealth        | |  1.1

Action                     |  1- 3 |  4- 6 |  7- 9 | 10-12 | 13-15 | 16-18 | 19-21 | 22-24 | 25-27 || total
---------------------------+-------+-------+-------+-------+-------+-------+-------+-------+-------++-------
  Melee: Unarmed           |       |       |       |       |       |       |    22 |       |       ||    22
   Fire: Shortbow          |   129 |   185 |   390 |       |       |       |       |       |       ||   704
         Orcbow            |       |       |     3 |   755 |       |       |       |       |       ||   758
         Arbalest          |       |       |       |   131 |   671 |   778 |   902 |   637 |   792 ||  3911
 Invoke: Heroism           |       |       |       |     8 |     2 |     1 |     1 |     3 |     6 ||    21
         Finesse           |       |       |       |     6 |     4 |    15 |    24 |    16 |    12 ||    77
         Receive Weapon    |       |       |       |       |     1 |       |       |       |       ||     1
         Receive Armour    |       |       |       |       |     1 |       |       |       |       ||     1
  Evoke: Wand              |       |       |       |       |       |     4 |     6 |       |     3 ||    13
    Use: Scroll            |     5 |     2 |    14 |     8 |     6 |     4 |     2 |     5 |     5 ||    51
         Potion            |       |     3 |     2 |     2 |       |       |     2 |     6 |     9 ||    24
   Stab: Confused          |       |       |       |       |       |       |     6 |       |       ||     6
 Armour: Leather armour    |    37 |     1 |       |       |       |       |       |       |       ||    38
         Ring mail         |       |   128 |    88 |       |       |   252 |   160 |   124 |   450 ||  1202
         Robe              |       |       |   112 |   282 |       |       |       |       |       ||   394
         Troll leather arm |       |       |       |   129 |   121 |     5 |       |       |       ||   255
         Skin              |       |       |       |       |       |       |     1 |       |       ||     1
  Dodge: Dodged            |    36 |   110 |   134 |   509 |   160 |   410 |   438 |   391 |  1175 ||  3363
         Repelled          |       |       |       |       |       |     7 |     8 |     4 |    24 ||    43

Table legend:
 A = Non-vault XP
 B = Vault XP
 C = Vault XP percentage of total XP
 D = Non-vault monster count
 E = Vault monster count
 F = Vault count percentage of total count
                 A         B        C        D         E       F
            +---------+---------+-------+---------+---------+-------
      Total |  648795 |  533558 |  45.1 |    1301 |     661 |  33.7
            +---------+---------+-------+---------+---------+-------
        D:1 |      38 |       0 |   0.0 |      22 |       0 |   0.0
        D:2 |      64 |       0 |   0.0 |      16 |       0 |   0.0
        D:3 |     172 |      85 |  33.1 |      22 |      17 |  43.6
        D:4 |     212 |     223 |  51.3 |      14 |       1 |   6.7
        D:5 |     670 |      21 |   3.0 |      22 |       6 |  21.4
        D:6 |    1094 |     136 |  11.1 |      12 |       9 |  42.9
        D:7 |    1583 |      15 |   0.9 |      17 |       5 |  22.7
        D:8 |    2002 |    1152 |  36.5 |      16 |       2 |  11.1
        D:9 |    2736 |     278 |   9.2 |      21 |       6 |  22.2
       D:10 |    2121 |       0 |   0.0 |      24 |       0 |   0.0
       D:11 |    4426 |       0 |   0.0 |      31 |       0 |   0.0
       D:12 |    6891 |     745 |   9.8 |      26 |       2 |   7.1
       D:13 |    2297 |       0 |   0.0 |       6 |       0 |   0.0
       D:14 |    8212 |    2585 |  23.9 |      20 |       5 |  20.0
       D:15 |   23175 |    2873 |  11.0 |      39 |       3 |   7.1
     Lair:1 |    6247 |    3799 |  37.8 |      24 |      12 |  33.3
     Lair:2 |    5081 |     977 |  16.1 |      19 |       4 |  17.4
     Lair:3 |    8524 |    1123 |  11.6 |      32 |       4 |  11.1
     Lair:4 |   10704 |    3230 |  23.2 |      52 |       8 |  13.3
     Lair:5 |   10665 |   11280 |  51.4 |      36 |      39 |  52.0
   Shoals:1 |   14277 |       0 |   0.0 |      31 |       0 |   0.0
   Shoals:2 |   13739 |    7609 |  35.6 |      29 |      12 |  29.3
   Shoals:3 |   22583 |    1675 |   6.9 |      50 |       1 |   2.0
   Shoals:4 |   21172 |   31404 |  59.7 |      38 |      51 |  57.3
    Snake:1 |    9588 |    3007 |  23.9 |      22 |       4 |  15.4
    Snake:2 |   13529 |    8015 |  37.2 |      29 |      13 |  31.0
    Snake:3 |   18546 |    5203 |  21.9 |      41 |       4 |   8.9
    Snake:4 |   40322 |   26652 |  39.8 |      83 |      33 |  28.4
      Orc:1 |    5195 |     930 |  15.2 |      41 |       1 |   2.4
      Orc:2 |    1466 |    7074 |  82.8 |       7 |      11 |  61.1
   Vaults:1 |   15054 |   20473 |  57.6 |      31 |      29 |  48.3
   Vaults:2 |    9640 |   22257 |  69.8 |      13 |      33 |  71.7
   Vaults:3 |   20390 |   17392 |  46.0 |      29 |      21 |  42.0
   Vaults:4 |   49295 |   57707 |  53.9 |      72 |      63 |  46.7
   Vaults:5 |   10170 |   97162 |  90.5 |      17 |      73 |  81.1
   Depths:1 |   31920 |    9850 |  23.6 |      40 |       6 |  13.0
   Depths:2 |   19712 |   61111 |  75.6 |      26 |      63 |  70.8
   Depths:3 |   40102 |   61295 |  60.5 |      45 |      75 |  62.5
   Depths:4 |   60072 |   17131 |  22.2 |      62 |      13 |  17.3
      Zot:1 |   30028 |       0 |   0.0 |      30 |       0 |   0.0
      Zot:2 |   18206 |       0 |   0.0 |      18 |       0 |   0.0
      Zot:3 |   40432 |       0 |   0.0 |      37 |       0 |   0.0
      Zot:4 |   25262 |   25443 |  50.2 |      20 |      22 |  52.4
      Zot:5 |   21181 |   23646 |  52.7 |      19 |      10 |  34.5
            +---------+---------+-------+---------+---------+-------
